Cogmind - Beta 9.6 --- EXPLORER MODE // 2020.05.15 @ 02:22:48 // Winter2019/RPGLIKE Player: hemo Result: Escaped! Performance ------------- Evolutions (9) 4500 Regions Visited (29) 5800 Robots Destroyed (960) 4800 Value Destroyed (35533) 35533 Prototype IDs (86) 1720 Alien Tech Used (3) 600 Bonus (32410) 32410 TOTAL SCORE: 85363 Bonus ------- Triggered High Security 1000 High Alert Combat Kills 11090 Follower Combat Kills 1588 Entered Garrisons 400 Used RIF Installer 1000 Network Hubs Disabled 800 Triggered Deep Caves Wall 1000 Exposed GOLEM Chamber 15000 Met Zhirov 300 Built Enhanced Grunts 300 Met R17 at Cetus 500 Win 3000 Friendly Fire -3568 Cogmind --------- Core Integrity 906/950 Matter 450/450 Energy 1594/1600 System Corruption 0% Temperature Cool (0) Movement Hovering (30) Location To Epsilon Eridani Parts ------- > --- POWER (2) -------- Cooled Fission Core Quantum Reactor > --- PROPULSION (6) --- Cooled Gravmag System Cooled Gravmag System Cooled Gravmag System Cooled Gravmag System Cooled Gravmag System Cooled Gravmag System > --- UTILITY (12) ----- Experimental Power Amplifier Assembled Biocell Array Experimental Signal Interpreter Experimental Terrain Scanner Advanced Launcher Guidance Computer Precision Matter Filter Launcher Loader Reaction Control System Experimental Force Field Advanced Hacking Suite Advanced System Shield > --- WEAPON (5) ------- Guided EMP Blaster Guided Micro-nuke Launcher Enhanced Force Lance > --- INVENTORY (4) ---- Improved System Restoration Module Long-range Tractor Beam Linear Accelerator Advanced Micro-nuke Launcher Peak State ------------ > --- POWER ------------ Cooled Fission Core Quantum Reactor > --- PROPULSION ------- Cooled Gravmag System Cooled Gravmag System Cooled Gravmag System Cooled Gravmag System Cooled Gravmag System Cooled Gravmag System > --- UTILITY ---------- Experimental Power Amplifier Assembled Biocell Array Experimental Signal Interpreter Experimental Terrain Scanner Advanced Launcher Guidance Computer Precision Matter Filter Launcher Loader Reaction Control System Experimental Force Field Advanced Hacking Suite Advanced System Shield > --- WEAPON ----------- Guided EMP Blaster Guided Micro-nuke Launcher Enhanced Force Lance > --- INVENTORY -------- Improved System Restoration Module Long-range Tractor Beam Linear Accelerator Advanced Micro-nuke Launcher [Rating: 183] Favorites ----------- Power Cooled Ion Engine Engine Cooled Ion Engine Power Core Cooled Fission Core Reactor Quantum Reactor Propulsion Aerolev Unit Wheel Wheel Hover Unit Aerolev Unit Flight Unit Flight Unit Utility Launcher Guidance Computer Device Experimental Sensor Array Storage Assembled Biocell Array Processor Launcher Guidance Computer Hackware Advanced System Shield Protection Hardened Medium Armor Plating Weapon Guided EMP Blaster Energy Gun Zionite Laser-S Energy Cannon Advanced Beam Cannon Ballistic Gun Shotgun Ballistic Cannon Bore Cannon Launcher Guided EMP Blaster Special Weapon Remote Datajack Slashing Weapon Phasing Sabre Piercing Weapon Force Lance Build | -11 -10 -10 -9 -9 -8 -8 -8 -8 -8 -8 -6 -6 -6 -6 -6 -5 -5 -5 -5 -5 -5 -4 -4 -4 -4 -3 -3 -2 -1 ------- Run | Scr Mat Min Mat Min Mat Gar Mat Sto Gar Rec Fac Low Low Zio Dee Pro Fac Ext Cet Arc Hub Fac Upp Upp Zhi Pro Res Res Acc Slots Evolved 21 | 2 4 . 3 . 4 . . . . . 3 . . . 1 . 1 . . . . 1 . . . . . 2 . Power 1 | . . . . . 1 . . . . . . . . . . . . . . . . . . . . . . . . Propulsion 5 | 1 1 . 1 . 1 . . . . . . . . . . . . . . . . 1 . . . . . . . Utility 11 | 1 3 . 1 . 2 . . . . . 2 . . . 1 . 1 . . . . . . . . . . . . Weapon 4 | . . . 1 . . . . . . . 1 . . . . . . . . . . . . . . . . 2 . Parts Attached 403 | 7 9 5 23 1 24 . 14 32 . . 33 6 . 10 49 1 33 10 12 3 14 52 3 8 2 3 21 28 . Power 39 | 1 . 1 3 . 3 . 4 7 . . 4 . . . 6 . 1 . 1 . . 6 . 1 . . . 1 . Engine 22 | 1 . . . . 2 . 4 6 . . 4 . . . 5 . . . . . . . . . . . . . . Core 10 | . . 1 3 . 1 . . 1 . . . . . . . . 1 . . . . 2 . . . . . 1 . Reactor 7 | . . . . . . . . . . . . . . . 1 . . . 1 . . 4 . 1 . . . . . Propulsion 56 | 3 4 1 11 . 8 . 1 10 . . 3 . . . 6 . 3 . . . . 4 . . . . 2 . . Treads . | . . . . . . . . . . . . . . . . . . . . . . . . . . . . . . Leg . | . . . . . . . . . . . . . . . . . . . . . . . . . . . . . . Wheel 3 | 3 . . . . . . . . . . . . . . . . . . . . . . . . . . . . . Hover 52 | . 4 . 11 . 8 . 1 10 . . 3 . . . 6 . 3 . . . . 4 . . . . 2 . . Flight 1 | . . 1 . . . . . . . . . . . . . . . . . . . . . . . . . . . Utility 130 | 2 3 2 3 . 7 . 1 5 . . 13 4 . 2 25 . 17 2 3 . 4 15 . 2 2 . 9 9 . Device 96 | 1 1 1 3 . 4 . . 3 . . 11 2 . 2 20 . 11 2 1 . 3 13 . 2 1 . 7 8 . Storage 10 | . 2 . . . . . . 1 . . . . . . 3 . 3 . 1 . . . . . . . . . . Processor 6 | 1 . 1 . . 1 . . . . . 1 . . . . . 1 . . . . . . . . . 1 . . Hackware 7 | . . . . . . . . . . . . 1 . . . . 1 . . . 1 2 . . . . 1 1 . Protection 11 | . . . . . 2 . 1 1 . . 1 1 . . 2 . 1 . 1 . . . . . 1 . . . . Artifact . | . . . . . . . . . . . . . . . . . . . . . . . . . . . . . . Weapon 178 | 1 2 1 6 1 6 . 8 10 . . 13 2 . 8 12 1 12 8 8 3 10 27 3 5 . 3 10 18 . Energy Gun 44 | 1 1 . 3 . . . . 1 . . . . . 1 3 1 3 2 3 1 5 12 . 2 . 1 2 2 . Energy Cannon 1 | . . . 1 . . . . . . . . . . . . . . . . . . . . . . . . . . Ballistic Gun 1 | . . . . . . . . 1 . . . . . . . . . . . . . . . . . . . . . Ballistic Cannon 22 | . 1 . . 1 3 . 2 3 . . 4 1 . 2 1 . . . . . . 1 . . . . . 3 . Launcher 54 | . . 1 2 . 2 . 3 2 . . 6 1 . 2 3 . 6 1 1 . 3 6 2 1 . 2 4 6 . Special Weapon 4 | . . . . . . . . . . . . . . . . . . 1 2 1 . . . . . . . . . Impact Weapon . | . . . . . . . . . . . . . . . . . . . . . . . . . . . . . . Slashing Weapon 31 | . . . . . 1 . 3 3 . . 3 . . 3 5 . 3 4 2 1 2 1 . . . . . . . Piercing Weapon 21 | . . . . . . . . . . . . . . . . . . . . . . 7 1 2 . . 4 7 . Special Melee Weapon . | . . . . . . . . . . . . . . . . . . . . . . . . . . . . . . Unidentified Prototypes 31 | . . 1 1 . 1 . . . . . 2 . . . 8 . 1 . 1 . 1 5 . 1 3 . 4 2 . Parts Lost 7 | . . 1 . . . . . 1 . . 1 . . . . . . . . . . 4 . . . . . . . Power . | . . . . . . . . . . . . . . . . . . . . . . . . . . . . . . Propulsion 1 | . . 1 . . . . . . . . . . . . . . . . . . . . . . . . . . . Utility 3 | . . . . . . . . . . . 1 . . . . . . . . . . 2 . . . . . . . Weapon 3 | . . . . . . . . 1 . . . . . . . . . . . . . 2 . . . . . . . Highest Loss Streak 1 | . . 1 . . . . . 1 . . 1 . . . . . . . . . . 1 . . . . . . . Average Slot Usage (%) 92 | . 99 93 98 100 99 100 100 85 100 100 94 90 90 89 85 90 89 90 89 90 89 89 92 90 89 91 90 90 88 Engine 5 | . 14 4 . . 1 5 9 8 11 11 10 10 10 10 8 9 8 4 . . . . . . . . . . . Core 2 | . . 5 8 7 5 5 1 . . . . . . . . . . 4 4 4 4 4 4 4 4 4 4 4 4 Reactor 1 | . . . . . . . . . . . . . . . . . . . 3 4 4 3 4 4 4 4 4 4 4 Hover 24 | . 20 23 30 30 30 29 29 22 29 29 26 25 25 25 23 23 22 22 22 22 22 22 26 26 26 26 26 25 24 Device 26 | . 24 19 16 23 23 23 23 20 23 23 29 35 35 35 26 33 34 36 30 31 31 26 21 22 24 26 23 20 24 Storage 4 | . 1 13 8 7 5 5 5 5 5 5 1 . . . 3 4 4 4 9 9 4 4 4 4 4 4 4 4 4 Processor 10 | . 14 15 16 15 12 11 11 11 11 11 10 10 10 10 9 9 9 9 9 9 9 8 8 8 8 8 8 8 8 Hackware 2 | . . . . . . . . . . . . . . . . . . . . . 3 7 13 11 8 8 9 12 8 Protection 1 | . . . . . 5 5 5 3 5 5 4 . . . 2 . . . . . . . . . . . . . . Energy Gun 1 | . 12 . 6 . . . . . . . . . . . . 3 . 1 2 1 2 2 1 . . 1 . . . Launcher 5 | . . 6 8 7 6 5 5 5 5 5 6 10 10 7 4 4 5 4 5 4 4 3 4 4 4 5 5 6 8 Slashing Weapon 1 | . . . . . . . 1 3 5 5 1 . . 2 3 . 1 2 . 2 1 . . . . . . . . Naked Turns . | . . . . . . . . . . . . . . . . . . . . . . . . . . . . . . Heaviest Build 102 | 6 15 15 16 21 41 41 48 47 42 42 57 54 54 61 78 52 64 64 74 71 75 77 75 77 77 78 84 102 102 Greatest Support 150 | 20 20 18 32 32 52 52 53 55 55 55 70 59 59 59 70 70 94 94 94 71 94 119 133 94 94 133 140 150 102 Greatest Overweight (x) 4 | 1 1 . 1 . . . . 4 . . 1 . . 1 1 . . . 1 . 1 1 . . . . . . . Average Overweight (x) . | . . . . . . . . . . . . . . . . . . . . . . . . . . . . . . Largest Inventory Capacity 4 | 1 2 2 2 2 3 3 3 3 3 3 3 3 3 3 3 3 3 4 4 4 4 4 4 4 4 4 4 4 4 Average Capacity 3 | . 1 2 2 2 2 3 3 3 3 3 3 3 3 3 3 3 3 3 4 4 4 4 4 4 4 4 4 4 4 Most Carried 4 | 1 2 2 2 2 3 3 3 3 3 3 3 3 3 3 3 3 3 4 4 4 4 4 4 4 4 3 4 4 4 Average Carried 2 | . . 1 1 2 2 3 2 2 2 2 2 3 3 3 2 3 3 3 4 4 3 3 3 3 3 3 3 3 4 Final Capacity 4 | 1 2 2 2 2 3 3 3 3 3 3 3 3 3 3 3 3 3 4 4 4 4 4 4 4 4 4 4 4 4 Final Carried 4 | . 2 1 2 2 3 3 3 3 3 2 3 3 3 3 3 3 3 4 4 4 4 4 4 3 3 3 4 4 4 Class Distribution -------------------- 46% | Hacker-Scout 11% | Hacker-Mutant 11% | Wizard-Scout 8% | Commander-Scout 6% | Machinist-Scout 3% | Hacker-Assassin 3% | Scavenger-Scout 3% | Hacker-Skirmisher Dominant Class ---------------- Hacker-Scout | -10/Materials Scavenger-Scout | -10/Mines Hacker-Scout | -9/Materials Hacker-Scout | -9/Mines Hacker-Scout | -8/Materials Hacker-Scout | -8/Garrison Hacker-Scout | -8/Materials Commander-Scout | -8/Storage Commander-Scout | -8/Garrison Commander-Scout | -8/Recycling Commander-Scout | -6/Factory Hacker-Scout | -6/Lower Caves Hacker-Scout | -6/Lower Caves Hacker-Scout | -6/Zion Hacker-Mutant | -6/Deep Caves Hacker-Scout | -5/Proximity Caves Hacker-Scout | -5/Factory Machinist-Scout | -5/Extension Machinist-Scout | -5/Cetus Machinist-Scout | -5/Archives Hacker-Scout | -5/Hub_04(d) Hacker-Scout | -4/Factory Wizard-Scout | -4/Upper Caves Wizard-Scout | -4/Upper Caves Hacker-Scout | -4/Zhirov Hacker-Scout | -3/Proximity Caves Hacker-Scout | -3/Research Wizard-Scout | -2/Research Machinist-Scout | -1/Access Resources | -11 -10 -10 -9 -9 -8 -8 -8 -8 -8 -8 -6 -6 -6 -6 -6 -5 -5 -5 -5 -5 -5 -4 -4 -4 -4 -3 -3 -2 -1 ----------- Run | Scr Mat Min Mat Min Mat Gar Mat Sto Gar Rec Fac Low Low Zio Dee Pro Fac Ext Cet Arc Hub Fac Upp Upp Zhi Pro Res Res Acc Matter Collected 15574 | 260 58 705 1008 78 1296 49 1708 589 168 140 1433 156 65 1483 795 374 1238 165 95 237 523 1300 74 95 . 143 328 1011 . Remotely 10309 | . . . 20 78 1205 49 1708 507 168 140 1407 119 65 1148 441 325 1116 165 . 163 333 1070 . . . . 82 . . Salvage Created 31939 | 94 830 226 1180 114 1900 37 1603 937 136 176 2621 283 251 1726 5100 1469 2874 714 621 311 1002 3079 398 98 . 268 921 2970 . Parts 1454 | 9 57 12 88 5 112 13 83 44 8 20 99 10 7 112 50 61 127 35 32 27 49 140 13 24 . 11 34 172 . Haulers Intercepted 40 | . 2 . 6 . 4 . 6 1 . . 3 . . . . . 5 . . . 1 5 . . . . 3 4 . Recyclers Shooed 19 | . . . 2 . . . 1 2 . 3 2 . . . . . 5 . . . . 2 . . . . 2 . . Parts Field Recycled 26 | . . . . . . . . . . . . . . 26 . . . . . . . . . . . . . . . Retrieved Matter 273 | . . . . . . . . . . . . . . 273 . . . . . . . . . . . . . . . Parts Self-Destructed . | . . . . . . . . . . . . . . . . . . . . . . . . . . . . . . Prevented . | . . . . . . . . . . . . . . . . . . . . . . . . . . . . . . Kills | -11 -10 -10 -9 -9 -8 -8 -8 -8 -8 -8 -6 -6 -6 -6 -6 -5 -5 -5 -5 -5 -5 -4 -4 -4 -4 -3 -3 -2 -1 ------- Run | Scr Mat Min Mat Min Mat Gar Mat Sto Gar Rec Fac Low Low Zio Dee Pro Fac Ext Cet Arc Hub Fac Upp Upp Zhi Pro Res Res Acc Combat Hostiles Destroyed 692 | . 21 22 41 4 61 8 61 16 11 9 63 4 4 11 90 25 57 10 15 . 21 49 5 8 . 9 15 52 . Melee 81 | . . . . . 3 . 2 2 . . 4 . . . 43 . 3 2 . . . 9 1 1 . . . 11 . Guns 60 | . 17 . 3 . . . . 2 . . . . . . 7 2 5 3 . . 5 13 . . . 1 1 1 . Cannons 45 | . 3 8 . . 14 . 7 . . . 9 . . . 2 . . . . . . . . . . . . 2 . AOE 434 | . . 14 38 4 44 8 52 11 11 9 48 2 2 5 36 15 39 2 9 . 11 18 1 7 . 8 11 29 . Classes Destroyed 29 | 2 4 3 2 . 4 . 1 . . 1 3 . . 3 3 1 1 . . . 1 . . . . . . . . Worker 44 | . . 2 4 . 3 . 3 3 . . 5 . . . . . 2 . . . 5 9 . . . . 1 7 . Builder 28 | . . . 1 . 2 . 1 . . 2 1 . . . . . . 1 . . 2 8 . . . . . 10 . Tunneler 6 | 1 . . 1 . . . . . . . 1 . . . . . . . . . . . . . . . 1 2 . Hauler 40 | . 2 . 6 . 4 . 6 1 . . 3 . . . . . 5 . . . 1 5 . . . . 3 4 . Recycler 22 | 1 . 1 4 . 3 . 1 2 . 3 1 . . . . . 2 . . . 1 2 . . . . 1 . . Minesweeper 1 | . . . . . . . . . . . . . . . . 1 . . . . . . . . . . . . . Mechanic 6 | . . . . . 1 . 2 . . . 1 . . . . . . 1 . . . . . . . . . 1 . Operator 10 | . . . . . . . 1 . . . . . . . . . . . . 9 . . . . . . . . . Drone 17 | . . . . . . . . . . 9 3 . . . . . 2 . . . . . . . . 1 . 2 . Watcher 35 | . 3 . 5 . 3 . 4 2 . . 2 . . . . . 3 2 2 . 3 . . . . . . 6 . Swarmer 93 | . 6 4 5 . 6 . 6 . 7 . 7 . . . . . 14 . 3 . 3 9 . 6 . 3 6 8 . Saboteur 1 | . . . . . . . . . . . . . . . . . 1 . . . . . . . . . . . . Grunt 279 | . 15 . 26 4 40 7 42 7 4 . 37 2 3 . . 16 16 6 5 . 3 19 3 . . 4 6 14 . Brawler 12 | . . . . . 1 . . . . . 2 . . . . 4 3 1 . . . . . . . . . 1 . Duelist 9 | . . . . . 1 . 1 . . . 3 . . . . 1 3 . . . . . . . . . . . . Protector 1 | . . . . . . . . . . . . . . . . . . . . . 1 . . . . . . . . Sentry 80 | . . . 10 . 10 . 10 7 . . 4 1 . . . 2 8 3 . . 6 9 1 1 . . 1 7 . Demolisher 3 | . . 1 . . . . . . . . 2 . . . . . . . . . . . . . . . . . . Specialist 1 | . . . . . . . . . . . 1 . . . . . . . . . . . . . . . . . . Hunter 43 | . . . . . 3 1 2 2 . . 5 1 . . . 1 8 . . . . 6 . . . . 2 12 . Programmer 29 | . . . . . . . . . . . 4 . 1 . . . 3 . . . 2 6 . 1 . 2 . 10 . Behemoth 3 | . . . . . . . . . . . 1 . . . . 1 1 . . . . . . . . . . . . Cetus Guard 7 | . . . . . . . . . . . . . . . . . . . 7 . . . . . . . . . . Lightning 6 | . . . . . . . . . . . . . . . . . . . . . 6 . . . . . . . . Zionite 55 | . . . . . . . . . . . . . . 55 . . . . . . . . . . . . . . . Z-Light 9 | . . . . . . . . . . . . . . . 9 . . . . . . . . . . . . . . Tinkerer 6 | . . . . . . . . . . . . . . 6 . . . . . . . . . . . . . . . Assembler 1 | . . . . . . . . . . . . . . . 1 . . . . . . . . . . . . . . Assembled 56 | . . 17 . . . . . . . . . . . . 39 . . . . . . . . . . . . . . Golem 42 | . . . . . . . . . . . . . . . 42 . . . . . . . . . . . . . . Surgeon 1 | . . . . . . . . . . . . . . 1 . . . . . . . . . . . . . . . Thug 1 | . . . . . . . . . . . . . . 1 . . . . . . . . . . . . . . . Martyr 1 | . . . . . . . . . . . . . . 1 . . . . . . . . . . . . . . . Guerrilla 2 | . . . . . . . . . . . . . . . . . . 1 . . 1 . . . . . . . . Marauder 2 | . . . . . . . . . . . . . . 2 . . . . . . . . . . . . . . . Mutant 6 | . . . . . . . . . . . . . . 5 . . . . . . . . 1 . . . . . . Best Kill Streak 37 | 2 6 13 11 2 22 8 11 7 8 8 12 3 3 33 37 7 14 5 5 9 11 14 3 4 . 7 12 18 . Combat Bots Only 37 | . 6 13 5 2 15 8 7 3 8 3 11 3 3 2 37 7 9 4 5 . 6 8 3 4 . 7 9 13 . Max Kills in Single Turn 7 | 1 1 2 3 1 5 2 4 3 3 4 7 2 1 2 5 3 4 2 3 1 3 3 1 2 . 3 4 6 . Gunslinging . | . . . . . . . . . . . . . . . . . . . . . . . . . . . . . . Exploded 5 | . . 2 2 1 5 2 2 3 3 1 3 1 1 1 5 3 3 1 3 . 3 3 1 2 . 3 3 3 . Melee 1 | . . . . . 1 . 1 1 . . 1 . . . 1 . 1 1 . . . 1 1 1 . . . 1 . Uniques/NPCs Destroyed 2 | . . . . . . . . . . . . . . 2 . . . . . . . . . . . . . . . Imprinter (-6/Zion) CL-ANK (-6/Zion) Combat | -11 -10 -10 -9 -9 -8 -8 -8 -8 -8 -8 -6 -6 -6 -6 -6 -5 -5 -5 -5 -5 -5 -4 -4 -4 -4 -3 -3 -2 -1 -------- Run | Scr Mat Min Mat Min Mat Gar Mat Sto Gar Rec Fac Low Low Zio Dee Pro Fac Ext Cet Arc Hub Fac Upp Upp Zhi Pro Res Res Acc Damage Taken 12862 | . 334 863 583 35 767 118 665 903 88 12 1614 . . 164 739 14 1103 288 76 46 1185 1824 34 . . 253 152 1002 . Core 9824 | . 266 692 455 26 511 80 425 701 58 4 1136 . . 124 579 11 874 227 59 35 946 1473 30 . . 199 122 791 . Absorbed by Shields 93 | . . . . . . . . . . . . . . . . . . 22 68 . . 3 . . . . . . . Redirected to Core 7995 | . 175 523 372 26 430 68 378 427 51 4 992 . . 107 487 11 765 197 47 35 814 1135 11 . . 178 94 668 . Core Remaining (%) 66 | 100 . 4 . 54 . . . . . 29 . . . . . 100 . . . . 22 . . . . 72 98 95 95 Volleys Fired 1800 | 4 98 52 125 8 131 14 121 36 12 10 142 12 8 170 68 76 178 51 29 15 97 151 11 15 . 22 32 112 . Largest 2 | 1 1 1 1 1 2 1 2 2 1 1 2 1 1 1 1 1 1 1 1 1 1 2 1 1 . 1 1 1 . Hottest 225 | 50 50 35 65 57 87 30 87 88 39 39 75 50 50 75 60 60 60 60 60 60 60 225 50 60 . 225 94 94 . Shots Fired 1817 | 4 98 52 125 8 142 14 123 39 12 10 143 12 8 170 68 76 178 51 29 15 96 152 11 15 . 22 32 112 . Gun 382 | 4 91 . 33 . . . . 15 . . . . . 2 16 9 46 38 1 12 21 70 . 1 . 15 3 5 . Cannon 199 | . 7 38 . 4 52 . 43 1 . . 40 . . 2 7 . . . . . . . . . . . . 5 . Launcher 1229 | . . 14 92 4 90 14 80 23 12 10 103 12 8 166 45 67 132 11 26 . 75 82 11 14 . 7 29 102 . Special 7 | . . . . . . . . . . . . . . . . . . 2 2 3 . . . . . . . . . Kinetic 210 | . 7 38 . 4 52 . 43 12 . . 40 . . 2 7 . . . . . . . . . . . . 5 . Thermal 367 | 4 91 . 30 . . . . 4 . . . . . 2 16 9 46 38 1 12 21 70 . . . 15 3 5 . Explosive 626 | . . 14 92 4 81 14 80 12 12 10 69 . 1 50 3 . 45 . 6 . 39 37 . . . 7 7 43 . Electromagnetic 607 | . . . 3 . 9 . . 11 . . 34 12 7 116 42 67 87 11 20 . 36 45 11 15 . . 22 59 . Robot Hit Streak 79 | 4 47 19 45 5 25 11 52 20 13 20 34 . 10 77 78 13 72 49 71 79 15 33 6 . . 10 29 51 . Robot Miss Streak 3 | . 1 2 1 2 3 1 1 1 . . 1 . . 1 3 1 1 . . 1 3 1 . . . 2 . 1 . Penetration Max 2 | . . . . . 1 . 2 . . . 1 . . . . . . . . . . . . . . . . . . Secondary Targets . | . . . . . . . . . . . . . . . . . . . . . . . . . . . . . . Shots Hit Robots 1558 | 4 95 39 119 5 124 13 124 40 8 7 123 . 1 99 224 8 130 42 22 26 49 134 5 1 . 19 23 74 . Core Hits 1878 | 3 38 40 102 6 134 23 138 38 16 14 161 7 5 96 276 61 141 30 44 11 94 159 8 12 . 20 46 155 . Critical Hits 98 | . . . . 2 28 . 22 . . . 25 . . 2 6 . 3 . . . . 3 1 . . . . 6 . Critical Kills 39 | . . . . . 13 . 5 . . . 9 . . 2 4 . 1 . . . . 1 1 . . . . 3 . Critical Parts Destroyed 54 | . . . . . 15 . 16 . . . 16 . . . 1 . 2 . . . . 2 . . . . . 2 . Melee Attacks 529 | . . . . . 5 . 18 9 1 5 30 . . 28 225 . 28 30 11 12 3 54 5 3 . . 11 46 5 Impact . | . . . . . . . . . . . . . . . . . . . . . . . . . . . . . . Slashing 416 | . . . . . 5 . 18 9 1 5 30 . . 28 225 . 28 30 11 12 3 11 . . . . . . . Piercing 113 | . . . . . . . . . . . . . . . . . . . . . . 43 5 3 . . 11 46 5 Sneak Attacks 34 | . . . . . . . 4 1 . . 1 . . 6 2 . 2 1 . 8 . 5 1 1 . . 1 1 . Combat Hostiles 6 | . . . . . . . 1 1 . . . . . . . . 1 . . . . 1 1 1 . . . . . Follow-up Attacks . | . . . . . . . . . . . . . . . . . . . . . . . . . . . . . . Damage Inflicted 126751 | 52 1304 1539 5103 272 6624 1216 8837 2095 1549 1464 10978 416 359 8198 15617 2866 10742 2292 2252 1971 6978 11981 944 537 . 1906 3015 15644 . Guns 8419 | 52 1169 . 565 . . . . 244 . . . . . . 362 233 1332 794 27 344 496 2150 . . . 408 92 151 . Cannons 3940 | . 128 462 . 40 1153 . 1053 23 . . 776 . . 21 118 . . . . . . . . . . . . 166 . Explosions 87562 | . . 1077 4538 232 5279 1216 6646 1561 1549 1464 9174 416 359 6281 3344 2633 7945 691 2225 . 6482 7360 324 350 . 1498 2595 12323 . Melee 26746 | . . . . . 192 . 1138 267 . . 1028 . . 1896 11793 . 1388 807 . 1627 . 2471 620 187 . . 328 3004 . Ramming 84 | . 7 . . . . . . . . . . . . . . . 77 . . . . . . . . . . . . Kinetic 4133 | . 128 462 . 40 1153 . 1053 216 . . 776 . . 21 118 . . . . . . . . . . . . 166 . Thermal 11252 | 52 1169 69 489 . . . 181 51 . . 753 68 . 39 362 450 1973 861 98 344 496 2508 . 52 . 808 133 296 . Explosive 63788 | . . 1008 4538 232 5109 1216 6448 1246 1549 1464 7398 . 66 3598 734 . 4789 . 942 . 5180 5496 . . . 1098 1796 9881 . Electromagnetic 20748 | . . . 76 . 170 . 17 315 . . 1023 348 293 2644 2610 2416 2515 624 1212 . 1302 1506 324 298 . . 758 2297 . Impact . | . . . . . . . . . . . . . . . . . . . . . . . . . . . . . . Slashing 20747 | . . . . . 192 . 1138 267 . . 1028 . . 1896 11793 . 1388 807 . 1627 . 611 . . . . . . . Piercing 5999 | . . . . . . . . . . . . . . . . . . . . . . 1860 620 187 . . 328 3004 . Highest Corruption 7 | . 1 1 . . 1 1 2 2 2 2 1 1 1 1 1 1 3 . . . 7 3 . . . 1 . 1 . Average Corruption 1 | . 1 1 . . 1 1 1 2 2 2 1 1 1 1 1 1 1 . . . 4 1 . . . 1 . 1 . Corruption Purged 14 | . . . . . . . . . . . . . . . . . 5 . . . 3 4 . . . 1 . 1 . Effects 84 | . 3 . . . 3 2 8 7 2 6 4 1 . 7 10 2 14 . . . 8 5 . . . . . 2 . Message Errors 27 | . . . . . 2 1 3 2 1 1 2 1 . 2 4 . 6 . . . . 2 . . . . . . . Matter Fused 4 | . . . . . . . . . . . . . . . . . 1 . . . 3 . . . . . . . . Heat Flow Errors 6 | . . . . . . . 1 . 1 . . . . . . . 2 . . . 1 1 . . . . . . . Energy Discharges 11 | . 2 . . . 1 . 1 2 . 1 1 . . 1 1 . . . . . 1 . . . . . . . . Data Loss (minor) 12 | . . . . . . 1 1 2 . 1 1 . . . 3 . 1 . . . . 2 . . . . . . . Targeting Errors 22 | . 1 . . . . . 2 . . 3 . . . 4 2 2 4 . . . 2 . . . . . . 2 . Weapon Failures 2 | . . . . . . . . 1 . . . . . . . . . . . . 1 . . . . . . . . Overload Shots 17 | . . . . . . . . . . . . . . . . . . . . . . 15 . . . 2 . . . Effects 1 | . . . . . . . . . . . . . . . . . . . . . . 1 . . . . . . . Heat Surge 1 | . . . . . . . . . . . . . . . . . . . . . . 1 . . . . . . . Overflow Damage 6340 | . . 62 91 . 98 30 521 137 168 171 603 . . 662 401 5 347 187 26 403 229 579 249 . . 144 38 1189 . Projectiles 25 | . . . . . 17 . 3 . . . 5 . . . . . . . . . . . . . . . . . . Explosions 3990 | . . 62 91 . 81 30 269 107 168 171 561 . . 256 45 5 273 . 26 . 229 437 . . . 144 38 997 . Melee 2325 | . . . . . . . 249 30 . . 37 . . 406 356 . 74 187 . 403 . 142 249 . . . . 192 . Knockbacks 29 | . 1 5 . . 6 . 11 1 . . 4 . . . . . 1 . . . . . . . . . . . . Impact 1 | . . . . . . . . . . . . . . . . . 1 . . . . . . . . . . . . Kinetic 28 | . 1 5 . . 6 . 11 1 . . 4 . . . . . . . . . . . . . . . . . . Secondary . | . . . . . . . . . . . . . . . . . . . . . . . . . . . . . . Self-Inflicted Damage 1484 | . 3 45 154 . 209 43 149 97 58 12 263 . . 40 . 5 238 . . . 14 102 . . . 12 10 30 . Shots 100 | . . 4 6 . 14 4 17 8 3 1 14 . . 5 . 1 11 . . . 1 6 . . . 1 1 3 . Rammed 3 | . 1 . . . . . . . . . . . . . . . 2 . . . . . . . . . . . . Targets Rammed 3 | . 1 . . . . . . . . . . . . . . . 2 . . . . . . . . . . . . Kicked . | . . . . . . . . . . . . . . . . . . . . . . . . . . . . . . Crushed . | . . . . . . . . . . . . . . . . . . . . . . . . . . . . . . Highest Temperature 878 | 20 40 10 42 21 303 8 204 5 206 . 195 46 42 91 148 100 287 . 20 . 238 878 . . . 204 . . . Average Temperature 55 | 10 9 7 16 10 60 8 26 5 121 . 45 19 20 27 42 41 60 . 11 . 46 190 . . . 122 . . . Received Heat Transfer 4677 | . 267 40 345 33 594 81 468 1017 45 . 510 . . 9 233 9 189 140 13 9 27 354 . . . 42 9 243 . Effects 23 | . . . . . 2 . . . . . . . . . . . . . . . . 20 . . . 1 . . . Shutdowns 5 | . . . . . . . . . . . . . . . . . . . . . . 5 . . . . . . . Energy Bleed 5 | . . . . . 2 . . . . . . . . . . . . . . . . 2 . . . 1 . . . Interference 5 | . . . . . . . . . . . . . . . . . . . . . . 5 . . . . . . . Matter Decay 1 | . . . . . . . . . . . . . . . . . . . . . . 1 . . . . . . . Short Circuit 2 | . . . . . . . . . . . . . . . . . . . . . . 2 . . . . . . . Damage (major) 4 | . . . . . . . . . . . . . . . . . . . . . . 4 . . . . . . . Damage (core) 1 | . . . . . . . . . . . . . . . . . . . . . . 1 . . . . . . . Siege Activations . | . . . . . . . . . . . . . . . . . . . . . . . . . . . . . . Robots Corrupted 80 | . . . . . . . . 1 . . 2 2 2 8 2 9 10 3 7 . 8 9 3 . . . 3 11 . Combat Hostiles 71 | . . . . . . . . 1 . . 2 2 2 6 2 8 10 3 6 . 5 9 3 . . . 3 9 . Parts Fried 148 | . . . 1 . . . . 1 . . 2 2 2 21 13 14 16 4 17 . 10 17 7 . . . 4 17 . Impact Corruptions 2 | . . . . . . . . . . . . . . . . . 2 . . . . . . . . . . . . Robots Melted 2 | . 2 . . . . . . . . . . . . . . . . . . . . . . . . . . . . Combat Hostiles 1 | . 1 . . . . . . . . . . . . . . . . . . . . . . . . . . . . Parts Melted 27 | . 11 1 2 . . . . . . . . . . . . 1 5 4 . 1 . 1 . . . . 1 . . Heat Transferred 14653 | 148 3219 100 1036 . . . 150 111 . . 600 . . 50 444 496 2078 1012 37 444 573 2776 . 50 . 870 211 248 . Parts Sabotaged . | . . . . . . . . . . . . . . . . . . . . . . . . . . . . . . Parts Stolen . | . . . . . . . . . . . . . . . . . . . . . . . . . . . . . . Parts Stripped . | . . . . . . . . . . . . . . . . . . . . . . . . . . . . . . Power Chain Reactions 29 | . . . . . . . . 1 . . . 1 . 7 1 5 3 2 1 . . 3 . 1 . . 2 2 . Missiles Intercepted . | . . . . . . . . . . . . . . . . . . . . . . . . . . . . . . Alert | -11 -10 -10 -9 -9 -8 -8 -8 -8 -8 -8 -6 -6 -6 -6 -6 -5 -5 -5 -5 -5 -5 -4 -4 -4 -4 -3 -3 -2 -1 ------- Run | Scr Mat Min Mat Min Mat Gar Mat Sto Gar Rec Fac Low Low Zio Dee Pro Fac Ext Cet Arc Hub Fac Upp Upp Zhi Pro Res Res Acc Peak Influence 2492 | 10 395 250 765 191 1301 931 2093 460 527 311 2240 . . . . . 2492 1176 566 292 874 1081 . . . . 530 1595 715 Average Influence 662 | 6 234 145 335 114 775 838 1238 166 374 122 1347 . . . . . 1325 832 296 252 369 499 . . . . 157 769 698 Maximum Alert Level 5 | . 1 1 3 . 4 3 5 2 2 1 5 . . . . . 5 4 2 1 3 3 . . . . 2 4 3 Low Security (%) 19 | 100 31 69 28 100 4 . . 73 9 68 . . . . . . 3 . 34 11 36 24 . . . . 79 14 . Level 1 12 | . 68 30 36 . 3 . 5 25 52 31 . . . . . . . . 38 88 19 22 . . . . 2 12 . Level 2 17 | . . . 33 . 23 19 8 1 38 . . . . . . . 14 23 27 . 29 23 . . . . 17 24 46 Level 3 23 | . . . 1 . 62 80 21 . . . 24 . . . . . 25 58 . . 14 29 . . . . . 16 53 Level 4 20 | . . . . . 6 . 41 . . . 58 . . . . . 31 18 . . . . . . . . . 32 . Level 5 3 | . . . . . . . 23 . . . 12 . . . . . 6 . . . . . . . . . . . . High Security 4 | . . . . . . . . . . . 4 . . . . . 19 . . . . . . . . . . . . Max Security . | . . . . . . . . . . . . . . . . . . . . . . . . . . . . . . Squads Dispatched 150 | . 7 1 10 . 18 . 16 4 . . 19 . . . . . 29 3 1 . 4 19 . . . . 8 11 . Investigation 76 | . 7 1 9 . 12 . 10 4 . . 12 . . . . . 12 . 1 . 1 3 . . . . 3 1 . Extermination 10 | . . . . . . . . . . . 2 . . . . . 1 . . . 1 4 . . . . . 2 . Reinforcement 33 | . . . 1 . 4 . 2 . . . 2 . . . . . 5 2 . . 2 5 . . . . 5 5 . Assault 22 | . . . . . 1 . 3 . . . 3 . . . . . 11 1 . . . 1 . . . . . 2 . Garrison 9 | . . . . . 1 . 1 . . . . . . . . . . . . . . 6 . . . . . 1 . Intercept . | . . . . . . . . . . . . . . . . . . . . . . . . . . . . . . Construction Impeded 13 | . . . . . 1 . 1 . . . . . . . . . 2 1 . . 1 3 . . . . 2 2 . Haulers Reinforced 10 | . . . . . . . . . . . 2 . . . . . 2 . . . . 1 . . . . 3 2 . Stealth | -11 -10 -10 -9 -9 -8 -8 -8 -8 -8 -8 -6 -6 -6 -6 -6 -5 -5 -5 -5 -5 -5 -4 -4 -4 -4 -3 -3 -2 -1 --------- Run | Scr Mat Min Mat Min Mat Gar Mat Sto Gar Rec Fac Low Low Zio Dee Pro Fac Ext Cet Arc Hub Fac Upp Upp Zhi Pro Res Res Acc Distress Signals 55 | . . 2 3 . 4 . 4 . . . . . . . . . 3 3 1 . 1 12 . . . . 11 11 . Communications Jammed . | . . . . . . . . . . . . . . . . . . . . . . . . . . . . . . Distress Signals . | . . . . . . . . . . . . . . . . . . . . . . . . . . . . . . Times Spotted 869 | . 28 26 50 5 73 10 73 18 18 6 70 . 1 43 86 3 71 21 14 11 27 99 1 . . 11 20 83 1 Peak Tracking Total 37 | . 4 11 5 2 10 5 6 4 5 1 8 3 3 7 37 7 12 4 5 2 6 13 2 3 . 6 6 16 1 Tactical Retreats 65 | . 2 3 2 . 1 . 2 . . . 5 1 1 5 1 5 9 1 . . 2 15 . . . . 1 9 . Traps | -11 -10 -10 -9 -9 -8 -8 -8 -8 -8 -8 -6 -6 -6 -6 -6 -5 -5 -5 -5 -5 -5 -4 -4 -4 -4 -3 -3 -2 -1 ------- Run | Scr Mat Min Mat Min Mat Gar Mat Sto Gar Rec Fac Low Low Zio Dee Pro Fac Ext Cet Arc Hub Fac Upp Upp Zhi Pro Res Res Acc Traps Triggered 30 | . 1 . 2 . . . . 4 1 . 2 . . . . . 1 8 . . 1 4 . . . . 2 4 . Indirectly 19 | . . . . . . . . 4 . . 2 . . . . . . 7 . . . 1 . . . . 1 4 . Trap Hack Attempts . | . . . . . . . . . . . . . . . . . . . . . . . . . . . . . . Triggered . | . . . . . . . . . . . . . . . . . . . . . . . . . . . . . . Disarmed 12 | . . . . . 6 . . . . . . . . . . . . . . . . . . . . . . 6 . Reprogrammed 21 | . . . 1 . . . . 16 . . . . . . . . . . . . . . . . . . 4 . . Reused . | . . . . . . . . . . . . . . . . . . . . . . . . . . . . . . Traps Extracted . | . . . . . . . . . . . . . . . . . . . . . . . . . . . . . . Installed 11 | . . . . . . . . . . . . . . . . 5 . . . . . . 6 . . . . . . Triggered 4 | . . . . . . . . . . . . . . . . 1 . 1 . . . . 2 . . . . . . Power Sources Rigged 2 | . . . . . . . . . . . . . . . 2 . . . . . . . . . . . . . . Machines | -11 -10 -10 -9 -9 -8 -8 -8 -8 -8 -8 -6 -6 -6 -6 -6 -5 -5 -5 -5 -5 -5 -4 -4 -4 -4 -3 -3 -2 -1 ---------- Run | Scr Mat Min Mat Min Mat Gar Mat Sto Gar Rec Fac Low Low Zio Dee Pro Fac Ext Cet Arc Hub Fac Upp Upp Zhi Pro Res Res Acc Machines Disabled 209 | . . 2 15 3 14 . 19 11 3 4 35 . . 4 3 . 29 2 1 3 31 19 . 2 . 4 2 3 . Max in Single Turn 16 | . . 2 3 1 2 . 3 1 1 3 10 . . 2 1 . 6 1 1 . 16 5 . 1 . 4 1 1 . Garrison Access 6 | . . . . . . . 1 . . . 1 . . . . . 1 . . . . . . . . . 1 2 . Network Hub 4 | . . . . . . . . . . . . . . . . . . . . . 4 . . . . . . . . Machines Sabotaged . | . . . . . . . . . . . . . . . . . . . . . . . . . . . . . . Garrisons Compromised . | . . . . . . . . . . . . . . . . . . . . . . . . . . . . . . Overloaded Fab Kills . | . . . . . . . . . . . . . . . . . . . . . . . . . . . . . . Fab Network Shutdowns 4 | . . . . . . . . . . . 1 . . . . . 1 . . . . 1 . . . . 1 . . Hacking | -11 -10 -10 -9 -9 -8 -8 -8 -8 -8 -8 -6 -6 -6 -6 -6 -5 -5 -5 -5 -5 -5 -4 -4 -4 -4 -3 -3 -2 -1 --------- Run | Scr Mat Min Mat Min Mat Gar Mat Sto Gar Rec Fac Low Low Zio Dee Pro Fac Ext Cet Arc Hub Fac Upp Upp Zhi Pro Res Res Acc Machines Accessed 204 | . 10 1 16 1 13 . 13 19 . 6 16 . . 1 . . 16 14 5 1 10 25 . 1 4 1 16 13 2 Terminals 148 | . 8 1 10 . 9 . 9 16 . 5 10 . . . . . 11 14 5 . 10 14 . . . 1 13 10 2 Fabricators 10 | . . . . . . . . . . . 1 . . . . . 4 . . . . 3 . . . . 1 1 . Repair Stations 5 | . . . 2 . . . . . . . 1 . . . . . . . . . . 2 . . . . . . . Recycling Units 14 | . 2 . 2 . 2 . 2 2 . 1 1 . . . . . . . . . . 2 . . . . . . . Scanalyzers 8 | . . . 2 . 1 . 2 . . . 1 . . . . . . . . . . 2 . . . . . . . Garrison Access 11 | . . . . . 1 . . 1 . . 2 . . . . . 1 . . . . 2 . . . . 2 2 . Total Hacks 964 | . 40 3 64 1 50 . 43 71 . 21 57 . . 3 . . 58 44 17 2 59 169 . 1 16 14 104 124 3 Successful 595 | . 34 3 56 1 36 . 33 55 . 15 37 . . 3 . . 41 27 14 2 27 90 . 1 16 11 43 49 1 Failed 369 | . 6 . 8 . 14 . 10 16 . 6 20 . . . . . 17 17 3 . 32 79 . . . 3 61 75 2 Catastrophic 82 | . . . . . 1 . 2 3 . . 1 . . . . . 4 2 . . 12 17 . . . . 19 21 . Database Lockouts . | . . . . . . . . . . . . . . . . . . . . . . . . . . . . . . Manual 702 | . 37 3 38 . 36 . 29 58 . 13 44 . . 4 . . 45 43 17 2 52 97 . . . 8 75 99 2 Terminals 764 | . 34 3 38 . 36 . 30 65 . 20 38 . . . . . 41 44 17 . 59 117 . . . 14 93 112 3 Fabricators 54 | . . . . . . . . . . . 6 . . . . . 16 . . . . 15 . . . . 9 8 . Repair Stations 24 | . . . 6 . . . . . . . 3 . . . . . . . . . . 15 . . . . . . . Recycling Units 36 | . 6 . 7 . 6 . 7 4 . 1 3 . . . . . . . . . . 2 . . . . . . . Scanalyzers 40 | . . . 13 . 6 . 6 . . . 3 . . . . . . . . . . 12 . . . . . . . Garrison Access 23 | . . . . . 2 . . 2 . . 4 . . . . . 1 . . . . 8 . . . . 2 4 . Terminal Hacks 287 | . 20 2 19 1 16 . 14 32 . 9 11 . . 3 . . 13 13 10 2 13 34 . 1 16 9 18 30 1 Record 16 | . . . . . . . . . . . . . . . . . . . 2 2 . . . 1 5 6 . . . Part Schematic 42 | . 2 . 2 . 2 . . . . 3 4 . . 3 . . 4 . . . 1 7 . . 4 . 2 8 . Robot Schematic 5 | . 2 . . . . . . 2 . . . . . . . . . . . . . 1 . . . . . . . Robot Analysis 93 | . 13 . 7 . 7 . 7 5 . 1 1 . . . . . 6 7 6 . 6 12 . . 3 . 2 10 . Prototype ID Bank 28 | . 3 2 5 . 1 . . 10 . 1 . . . . . . . . . . . 1 . . 4 . 1 . . Open Door 7 | . . . . 1 . . . 4 . . . . . . . . . 1 . . . . . . . . . . 1 Machine Index 2 | . . . . . . . . . . . . . . . . . . . . . . 1 . . . . . 1 . Terminal Index 1 | . . . . . . . . . . . . . . . . . . . . . . . . . . . 1 . . Fabricator Index 1 | . . . . . . . . . . . . . . . . . . . . . . . . . . . 1 . . Repair Station Index 1 | . . . . . . . . . . . . . . . . . . . . . . . . . . . 1 . . Unreport Threat 63 | . . . 3 . 4 . 6 7 . 3 5 . . . . . 3 5 2 . 5 8 . . . 3 3 6 . Locate Traps 3 | . . . . . . . . . . . . . . . . . . . . . . 3 . . . . . . . Disarm Traps 2 | . . . . . 1 . . . . . . . . . . . . . . . . . . . . . . 1 . Reprogram Traps 5 | . . . 1 . . . . 3 . . . . . . . . . . . . . . . . . . 1 . . Dispatch Records 1 | . . . . . . . . . . . . . . . . . . . . . . . . . . . . 1 . Investigation Status 1 | . . . . . . . . . . . . . . . . . . . . . . . . . . . . 1 . Reinforcement Status 1 | . . . . . . . . . . . . . . . . . . . . . . . . . . . 1 . . Recall Investigation 1 | . . . . . . . . . . . . . . . . . . . . . . . . . . . . 1 . Recall Reinforcements 2 | . . . . . . . . . . . . . . . . . . . . . . . . . . . 2 . . Hauler Manifests 10 | . . . 1 . 1 . 1 1 . 1 1 . . . . . . . . . 1 1 . . . . 1 1 . Registered Components 1 | . . . . . . . . . . . . . . . . . . . . . . . . . . . 1 . . Registered Prototypes 1 | . . . . . . . . . . . . . . . . . . . . . . . . . . . 1 . . Fabricator Hacks 32 | . . . . . . . . . . . 4 . . . . . 10 . . . . 8 . . . . 6 4 . Network Status 1 | . . . . . . . . . . . . . . . . . . . . . . 1 . . . . . . . Load Schematic 15 | . . . . . . . . . . . 2 . . . . . 5 . . . . 3 . . . . 3 2 . Build 16 | . . . . . . . . . . . 2 . . . . . 5 . . . . 4 . . . . 3 2 . Repair Station Hacks 19 | . . . 6 . . . . . . . 2 . . . . . . . . . . 11 . . . . . . . Scan Component 10 | . . . 3 . . . . . . . 1 . . . . . . . . . . 6 . . . . . . . Repair 9 | . . . 3 . . . . . . . 1 . . . . . . . . . . 5 . . . . . . . Recycling Unit Hacks 26 | . 3 . 6 . 2 . 5 4 . 1 3 . . . . . . . . . . 2 . . . . . . . Process 5 | . . . 2 . . . 1 1 . . 1 . . . . . . . . . . . . . . . . . . Report Inventory 13 | . 1 . 2 . 2 . 2 2 . 1 1 . . . . . . . . . . 2 . . . . . . . Retrieve Matter 4 | . . . 1 . . . 1 1 . . 1 . . . . . . . . . . . . . . . . . . Retrieve Components 4 | . 2 . 1 . . . 1 . . . . . . . . . . . . . . . . . . . . . . Scanalyzer 31 | . . . 10 . 5 . 4 . . . 1 . . . . . . . . . . 11 . . . . . . . Insert Component 16 | . . . 5 . 3 . 2 . . . 1 . . . . . . . . . . 5 . . . . . . . Analyze 15 | . . . 5 . 2 . 2 . . . . . . . . . . . . . . 6 . . . . . . . Garrison Access Hacks 6 | . . . . . 1 . . 1 . . 1 . . . . . . . . . . . . . . . 1 2 . Unlock Access 2 | . . . . . 1 . . 1 . . . . . . . . . . . . . . . . . . . . . Seal Access 4 | . . . . . . . . . . . 1 . . . . . . . . . . . . . . . 1 2 . Unauthorized Hacks 194 | . 11 1 15 . 12 . 10 18 . 5 15 . . . . . 18 14 4 . 14 24 . . . 2 18 13 . Terminals 156 | . 9 1 12 . 8 . 6 17 . 5 10 . . . . . 12 14 4 . 14 16 . . . 2 15 11 . Assimilate 18 | . . . 2 . 1 . 2 1 . . 2 . . . . . 2 1 . . 3 1 . . . . 2 1 . Botnet 125 | . 7 . 9 . 6 . 4 15 . 5 7 . . . . . 10 13 4 . 9 14 . . . . 12 10 . Detonate 2 | . . . . . . . . . . . . . . . . . . . . . 1 . . . . 1 . . . Disrupt 5 | . 2 . . . . . . . . . 1 . . . . . . . . . 1 . . . . 1 . . . Operators 5 | . . . 1 . 1 . . 1 . . . . . . . . . . . . . 1 . . . . 1 . . Sabotage 1 | . . 1 . . . . . . . . . . . . . . . . . . . . . . . . . . . Fabricators 15 | . . . . . . . . . . . 2 . . . . . 5 . . . . 4 . . . . 2 2 . Report 5 | . . . . . . . . . . . 1 . . . . . 1 . . . . 1 . . . . 1 1 . Siphon 10 | . . . . . . . . . . . 1 . . . . . 4 . . . . 3 . . . . 1 1 . Repair Stations . | . . . . . . . . . . . . . . . . . . . . . . . . . . . . . . Recycling Units 7 | . 2 . 1 . 2 . 2 . . . . . . . . . . . . . . . . . . . . . . Tunnel 7 | . 2 . 1 . 2 . 2 . . . . . . . . . . . . . . . . . . . . . . Scanalyzers 6 | . . . 2 . 1 . 2 . . . 1 . . . . . . . . . . . . . . . . . . Extract 6 | . . . 2 . 1 . 2 . . . 1 . . . . . . . . . . . . . . . . . . Garrison Access 10 | . . . . . 1 . . 1 . . 2 . . . . . 1 . . . . 4 . . . . 1 . . Reprogram 10 | . . . . . 1 . . 1 . . 2 . . . . . 1 . . . . 4 . . . . 1 . . Data Cores Recovered 1 | . . . . . . . 1 . . . . . . . . . . . . . . . . . . . . . . Used . | . . . . . . . . . . . . . . . . . . . . . . . . . . . . . . Hacking Detections 163 | . 9 1 15 . 13 . 12 13 . 3 14 . . . . . 14 14 5 . 9 16 . . . 1 13 10 1 Full Trace Events 69 | . 8 . 11 . 9 . 8 5 . . 11 . . . . . 12 . 1 . 1 1 . . . . 1 1 . Feedback Events 6 | . 1 . . . 1 . 1 . . . 1 . . . . . 2 . . . . . . . . . . . . Corruption 6 | . 1 . . . 1 . 1 . . . 1 . . . . . 2 . . . . . . . . . . . . Feedback Blocked . | . . . . . . . . . . . . . . . . . . . . . . . . . . . . . . Robot Schematics Acquired 5 | . 2 . . . . . . 2 . . . . . . . . . . . . . 1 . . . . . . . Robots Built . | . . . . . . . . . . . . . . . . . . . . . . . . . . . . . . Matter . | . . . . . . . . . . . . . . . . . . . . . . . . . . . . . . Time . | . . . . . . . . . . . . . . . . . . . . . . . . . . . . . . Total Robot Build Rating . | . . . . . . . . . . . . . . . . . . . . . . . . . . . . . . Part Schematics Acquired 68 | . 2 . 10 . 5 . 6 . . 3 8 . . 3 . . 4 . . . 1 12 . . 4 . 2 8 . Parts Built 17 | . . . . . . . . . . . 3 . . . . . 5 . . . . 4 . . . . 3 2 . Matter 3676 | . . . . . . . . . . . 284 . . . . . 1140 . . . . 927 . . . . 701 624 . Time 1562 | . . . . . . . . . . . 190 . . . . . 404 . . . . 583 . . . . 163 222 . Total Part Build Rating 105 | . . . . . . . . . . . 15 . . . . . 28 . . . . 23 . . . . 21 18 . Parts Repaired 9 | . . . 3 . . . . . . . 1 . . . . . . . . . . 5 . . . . . . . Time 343 | . . . 96 . . . . . . . 40 . . . . . . . . . . 207 . . . . . . . Parts Recycled . | . . . . . . . . . . . . . . . . . . . . . . . . . . . . . . Recycled Matter 527 | . . . 145 . . . 45 209 . . 128 . . . . . . . . . . . . . . . . . . Retrieved Matter 524 | . . . 142 . . . 45 209 . . 128 . . . . . . . . . . . . . . . . . . Retrieved Components 21 | . 14 . . . . . 7 . . . . . . . . . . . . . . . . . . . . . . Parts Scanalyzed 15 | . . . 5 . 2 . 2 . . . 1 . . . . . . . . . . 5 . . . . . . . Part Schematics Acquired 14 | . . . 5 . 2 . 2 . . . . . . . . . . . . . . 5 . . . . . . . Parts Damaged 2 | . . . . . . . . . . . . . . . . . . . . . . 2 . . . . . . . Bothacking | -11 -10 -10 -9 -9 -8 -8 -8 -8 -8 -8 -6 -6 -6 -6 -6 -5 -5 -5 -5 -5 -5 -4 -4 -4 -4 -3 -3 -2 -1 ------------ Run | Scr Mat Min Mat Min Mat Gar Mat Sto Gar Rec Fac Low Low Zio Dee Pro Fac Ext Cet Arc Hub Fac Upp Upp Zhi Pro Res Res Acc Used RIF Installer 2 | . . . . . . 1 . . 1 . . . . . . . . . . . . . . . . . . . . Robot Detection 1 | . . . . . . . . . 1 . . . . . . . . . . . . . . . . . . . . Robots Hacked 4 | . . . . . . . . . . . . . . . . . . 1 2 1 . . . . . . . . . Non-combat 1 | . . . . . . . . . . . . . . . . . . . . 1 . . . . . . . . . Combat 3 | . . . . . . . . . . . . . . . . . . 1 2 . . . . . . . . . . Robot Hacks Applied 7 | . . . . . . . . . . . . . . . . . . 2 2 3 . . . . . . . . . parse_system 5 | . . . . . . . . . . . . . . . . . . 2 2 1 . . . . . . . . . no_distress 1 | . . . . . . . . . . . . . . . . . . . . 1 . . . . . . . . . check_alert 1 | . . . . . . . . . . . . . . . . . . . . 1 . . . . . . . . . Relay Couplers Released 7 | . . . . . . . 1 . . . 1 . . . . . 3 . . . . 1 . . . . . 1 . Machine Destruction 3 | . . . . . . . 1 . . . . . . . . . 1 . . . . . . . . . . 1 . Programmers 4 | . . . . . . . . . . . 1 . . . . . 2 . . . . 1 . . . . . . . Robots Rewired 18 | . . . . . . . . . . 11 . . . . . 3 . . . . . . 4 . . . . . . Allies Hacked 4 | . . . . . . . . . . . . . . . . . . . . . . 3 . . . . . 1 . Hacks Repelled 1 | . . . . . . . . . . . . . . . . . . . . . . 1 . . . . . . . Allies | -11 -10 -10 -9 -9 -8 -8 -8 -8 -8 -8 -6 -6 -6 -6 -6 -5 -5 -5 -5 -5 -5 -4 -4 -4 -4 -3 -3 -2 -1 -------- Run | Scr Mat Min Mat Min Mat Gar Mat Sto Gar Rec Fac Low Low Zio Dee Pro Fac Ext Cet Arc Hub Fac Upp Upp Zhi Pro Res Res Acc Total Allies 82 | . . 3 2 2 4 . 1 11 . 11 8 . . . . 3 2 8 5 2 1 12 4 . . . 2 1 . Largest Group 16 | . . 3 3 3 4 4 2 12 10 16 16 1 1 1 . 3 5 5 10 10 9 4 4 4 4 4 3 2 . Highest-Rated Group 750 | . . 40 40 59 59 58 26 192 173 222 258 10 10 10 . 108 144 280 750 750 717 194 143 143 143 143 114 36 . Highest-Rated Ally 156 | . . 16 16 31 31 16 16 29 29 29 29 10 10 10 . 49 49 156 156 156 94 56 38 38 38 38 44 26 . Total Orders 250 | . . . 23 2 25 2 21 19 . 1 35 4 2 2 . 9 48 4 . 2 8 8 5 10 . 2 6 12 . STAY 53 | . . . 5 1 7 . 6 3 . . 8 2 1 . . 5 8 . . 1 2 1 1 . . 1 1 . . GOTO 91 | . . . 7 . 6 1 6 8 . 1 9 . . 1 . . 22 2 . . 4 4 2 6 . 1 4 7 . FOLLOW 106 | . . . 11 1 12 1 9 8 . . 18 2 1 1 . 4 18 2 . 1 2 3 2 4 . . 1 5 . Ally Attacks 448 | . . . 10 . 25 15 18 21 38 14 58 . . . . 4 9 28 27 37 49 85 . . . . 10 . . Total Damage 9445 | . . . 152 . 310 161 176 306 536 92 793 . . . . 75 263 576 835 1017 1382 2473 . . . . 298 . . Kills 58 | . . . 1 . 2 3 1 4 7 4 6 . . . . . 1 6 2 4 3 12 . . . . 2 . . Allies Corrupted 6 | . . . . . . . . . . . . . . . . . . 1 . . 3 2 . . . . . . . Allies Melted 1 | . . . . . . . . . . . . . . . . . . . . . . 1 . . . . . . . Fabricated Assembled 1 | . . . . . . . . . . . . . . . 1 . . . . . . . . . . . . . . Intel | -11 -10 -10 -9 -9 -8 -8 -8 -8 -8 -8 -6 -6 -6 -6 -6 -5 -5 -5 -5 -5 -5 -4 -4 -4 -4 -3 -3 -2 -1 ------- Run | Scr Mat Min Mat Min Mat Gar Mat Sto Gar Rec Fac Low Low Zio Dee Pro Fac Ext Cet Arc Hub Fac Upp Upp Zhi Pro Res Res Acc Robot Analysis Total 93 | . 13 . 7 . 7 . 7 5 . 1 1 . . . . . 6 7 6 . 6 12 . . 3 . 2 10 . Derelict Logs Recovered 10 | . . 1 . 1 . . . . . . . 2 1 1 . 1 . . . . . . 1 2 . . . . . Drone Launches 35 | . . . . . . . . 16 . . . . . . . 3 3 . . . . 8 . . . . . 5 . Drone Recoveries . | . . . . . . . . . . . . . . . . . . . . . . . . . . . . . . Exploration | -11 -10 -10 -9 -9 -8 -8 -8 -8 -8 -8 -6 -6 -6 -6 -6 -5 -5 -5 -5 -5 -5 -4 -4 -4 -4 -3 -3 -2 -1 ------------- Run | Scr Mat Min Mat Min Mat Gar Mat Sto Gar Rec Fac Low Low Zio Dee Pro Fac Ext Cet Arc Hub Fac Upp Upp Zhi Pro Res Res Acc Turns Passed 19013 | 73 742 540 1367 185 985 102 858 706 253 243 1431 268 233 1106 1754 436 1477 523 354 180 498 2046 258 312 112 223 688 968 92 Spaces Moved 25348 | 71 630 677 1748 252 1324 100 1224 877 290 311 1799 637 584 1478 1351 588 2600 604 395 289 618 2341 372 654 243 325 1210 1501 255 Core 55 | 35 1 . . . . . . 19 . . . . . . . . . . . . . . . . . . . . . Treads . | . . . . . . . . . . . . . . . . . . . . . . . . . . . . . . Legs . | . . . . . . . . . . . . . . . . . . . . . . . . . . . . . . Wheels 157 | 36 121 . . . . . . . . . . . . . . . . . . . . . . . . . . . . Hover 25136 | . 508 677 1748 252 1324 100 1224 858 290 311 1799 637 584 1478 1351 588 2600 604 395 289 618 2341 372 654 243 325 1210 1501 255 Flight . | . . . . . . . . . . . . . . . . . . . . . . . . . . . . . . Fastest Speed 14 | 50 52 52 48 48 36 36 36 34 34 34 34 34 34 34 34 36 22 22 22 34 22 16 15 30 30 15 15 14 30 Average Speed 39 | 77 60 54 49 48 40 36 36 39 34 34 41 34 34 41 35 36 35 33 42 34 47 46 29 30 30 29 29 27 30 Slowest Speed 250 | 100 125 56 116 48 48 36 36 250 34 34 94 34 34 92 98 36 40 34 88 34 88 93 30 30 30 30 30 30 30 Overloaded Moves 491 | . . . . . . . . . . . . . . . . . 49 6 2 . 10 129 1 . . 6 15 273 . Propulsion Burnouts . | . . . . . . . . . . . . . . . . . . . . . . . . . . . . . . Robots Hopped . | . . . . . . . . . . . . . . . . . . . . . . . . . . . . . . Cave-ins Triggered . | . . . . . . . . . . . . . . . . . . . . . . . . . . . . . . Teleports 1 | . . . . . . . . . . . . . . . . . . . . . . . . . 1 . . . . Exploration Rate (%) 66 | 4 89 95 95 82 88 35 95 88 58 63 42 76 79 85 90 65 63 65 87 98 69 65 65 61 62 56 33 36 9 Regions Visited 29 Branch Regions 17 Pre-discovered Areas 15 | . 2 1 1 1 2 . 2 1 . . . . . . . . . . . . . . . 1 3 1 . . . Known Exits Taken 27 | 1 1 1 1 1 1 . 1 1 . 1 1 1 1 1 1 1 1 1 1 1 1 1 1 1 1 1 1 1 . Unknown Exits Taken . | . . . . . . . . . . . . . . . . . . . . . . . . . . . . . . Scrap Searched 22 | . . . . . . . . . . . . 3 2 5 . 3 . . . . . . 4 3 . 2 . . . Spaces Dug 234 | . . . 9 . 1 . 13 16 . 5 41 . . 8 . . 92 9 1 . 3 17 1 1 . . 6 6 5 Terrain Destroyed 5549 | . . 171 697 27 518 22 655 173 85 131 678 7 10 134 17 21 513 21 90 . 719 304 1 7 . 49 58 436 5 Melee 68 | . . . . . 1 . . 1 . 5 4 . . 7 . . 4 6 1 . 3 17 1 1 . . 6 6 5 Projectile 55 | . . . . 1 16 . 10 . . . 8 . . 1 1 1 1 12 . . . 3 . . . . . 1 . AOE 5426 | . . 171 697 26 501 22 645 172 85 126 666 7 10 126 16 20 508 3 89 . 716 284 . 6 . 49 52 429 . Actions | -11 -10 -10 -9 -9 -8 -8 -8 -8 -8 -8 -6 -6 -6 -6 -6 -5 -5 -5 -5 -5 -5 -4 -4 -4 -4 -3 -3 -2 -1 --------- Run | Scr Mat Min Mat Min Mat Gar Mat Sto Gar Rec Fac Low Low Zio Dee Pro Fac Ext Cet Arc Hub Fac Upp Upp Zhi Pro Res Res Acc Total 32458 | 81 892 793 2130 307 1627 151 1484 1185 431 429 2341 684 617 1890 2277 799 3039 834 557 337 778 3101 507 760 280 434 1513 1941 259 Wait 3249 | . 128 46 179 44 53 30 62 167 108 35 213 26 26 180 465 97 131 108 101 16 21 360 71 72 32 85 197 196 . Move 25316 | 70 629 676 1747 251 1323 99 1223 876 288 310 1797 636 583 1477 1350 587 2599 603 394 288 617 2340 371 653 242 324 1209 1500 254 Hop . | . . . . . . . . . . . . . . . . . . . . . . . . . . . . . . Pick Up 53 | . 3 1 5 . 8 . 2 4 2 . 7 . . 1 9 . . . . . . 4 2 1 . . 3 1 . Fast Attach 191 | 5 8 4 9 1 5 . 2 19 . . 17 2 . 4 43 . 11 3 3 . 3 25 1 3 3 . 11 9 . Attach 37 | 1 1 1 6 . 4 . 3 1 . . 4 . . . 2 . . . . . . 11 . 2 1 . . . . Detach 55 | . 1 . 4 . 4 . 4 3 . . 3 1 . . 13 . 1 1 . . 1 11 . 1 1 . 3 3 . Swap 178 | 1 . . 8 . 15 . 9 12 . . 12 4 . 6 4 1 22 7 9 3 11 16 2 4 . 3 10 19 . Drop 219 | . 3 4 11 1 16 . 8 28 2 1 23 1 . 5 51 . 12 2 3 . 3 16 3 3 1 . 15 7 . Fire 1800 | 4 98 52 125 8 131 14 121 36 12 10 142 12 8 170 68 76 178 51 29 15 97 151 11 15 . 22 32 112 . Melee 529 | . . . . . 5 . 18 9 1 5 30 . . 28 225 . 28 30 11 12 3 54 5 3 . . 11 46 5 Ram 3 | . 1 . . . . . . . . . . . . . . . 2 . . . . . . . . . . . . Kick . | . . . . . . . . . . . . . . . . . . . . . . . . . . . . . . Crush . | . . . . . . . . . . . . . . . . . . . . . . . . . . . . . . Escape Stasis 50 | . . . . . . . . . 15 . 1 . . . . . . 8 . . 13 13 . . . . . . . Rewire 110 | . . . . . . . . 4 . 62 . . . 1 . 28 . . . . . 1 13 . . . . 1 . Trap 13 | . . . . . . . . . . . . . . . 2 5 . . . . . . 6 . . . . . . Miscellaneous 655 | . 20 9 36 2 63 8 32 26 3 6 92 2 . 18 45 5 55 21 7 3 9 99 22 3 . . 22 47 . Route ------- -11/Scrapyard -10/Materials (discovered 5 exits: *Mat x3 / *Min x2) -10/Mines (discovered 2 exits: *Mat x2) -9/Materials (discovered 5 exits: *Mat x3 / *Min x2) -9/Mines (discovered 2 exits: *Mat x2) -8/Materials (discovered 5 exits: *Fac x3 / *Sto / Gar) -8/Garrison -8/Materials (discovered 5 exits: *Fac x3 / *Sto x2) -8/Storage (discovered 3 exits: *Fac / Rec / Gar) -8/Garrison (discovered 3 exits: *Rec x3) -8/Recycling -6/Factory (discovered 4 exits: *Fac x2 / *Low x2) -6/Lower Caves -6/Lower Caves (discovered 2 exits: *Fac / *Zio) -6/Zion (discovered 2 exits: *Dee / *Pro) -6/Deep Caves -5/Proximity Caves -5/Factory (discovered 6 exits: *Fac x4 / *Upp / *Ext) -5/Extension (discovered 2 exits: *Fac / *Cet) -5/Cetus (discovered 3 exits: *Fac x2 / *Arc) -5/Archives (discovered 3 exits: *Fac / *Hub x2) -5/Hub_04(d) (discovered 4 exits: *Fac x4) -4/Factory (discovered 5 exits: *Res x3 / *Upp x2) -4/Upper Caves -4/Upper Caves (discovered 2 exits: Res / *Zhi) -4/Zhirov -3/Proximity Caves -3/Research (discovered 2 exits: *Res / Tes) -2/Research (discovered 2 exits: *Acc x2) -1/Access To Epsilon Eridani History --------- Turn | Location | Event 5 | -11/Scrapyard | Upgraded with Utility slot (x1) 5 | -11/Scrapyard | Identified exit to Materials 5 | -11/Scrapyard | Discovered exit to Materials (range 14) 72 | -11/Scrapyard | Upgraded with Propulsion slot (x1) 74 | -11/Scrapyard | Entered Materials 254 | -10/Materials | Upgraded with Utility slot (x1) 297 | -10/Materials | Identified exit to Mines 297 | -10/Materials | Discovered exit to Mines (range 16) 459 | -10/Materials | Identified exit to Materials 459 | -10/Materials | Discovered exit to Materials (range 16) 480 | -10/Materials | Reached level 2 590 | -10/Materials | Build established: Hacker-Scout 665 | -10/Materials | Discovered exit to Materials (range 14) 708 | -10/Materials | Upgraded with Utility slot (x1) 731 | -10/Materials | Discovered exit to Materials (range 15) 741 | -10/Materials | Upgraded with Propulsion slot (x1) 749 | -10/Materials | Reached level 3 790 | -10/Materials | Discovered exit to Mines (range 16) 794 | -10/Materials | Upgraded with Utility slot (x1) 816 | -10/Materials | Entered Mines 827 | -10/Mines | Met a Derelict bent on vengeance 888 | -10/Mines | Found a damaged Exp. Sensor Array with a note attached 890 | -10/Mines | Found Prototype Device 890 | -10/Mines | Identified Exp. Sensor Array 899 | -10/Mines | Learned location of Storage (-8) 929 | -10/Mines | Assembled infested the area 961 | -10/Mines | Discovered exit to Materials (range 16) 986 | -10/Mines | Core integrity fell below 50% 1002 | -10/Mines | Core integrity fell below 20% 1054 | -10/Mines | Destroyed 13 combat bots 1094 | -10/Mines | Learned Materials stockpile data 1128 | -10/Mines | Discovered exit to Materials (range 3) 1130 | -10/Mines | Assisted by bots powering up and referring to "LRC-V3" 1356 | -10/Mines | Entered Materials 1356 | -9/Materials | Accompanied by 3 allies 1357 | -9/Materials | Core integrity fell below 50% 1357 | -9/Materials | Core integrity fell below 20% 1358 | -9/Materials | Reached level 4 1358 | -9/Materials | Reached level 5 1386 | -9/Materials | Build established: Scavenger-Scout 1451 | -9/Materials | Upgraded with Weapon slot (x1) 1527 | -9/Materials | Identified exit to Mines 1527 | -9/Materials | Discovered exit to Mines (range 16) 1629 | -9/Materials | Upgraded with Propulsion slot (x1) 1650 | -9/Materials | Reached level 6 1740 | -9/Materials | Identified exit to Materials 1740 | -9/Materials | Discovered exit to Materials (range 15) 1876 | -9/Materials | Build established: Hacker-Scout 1897 | -9/Materials | Reached level 7 1983 | -9/Materials | Discovered exit to Mines (range 15) 2204 | -9/Materials | Reached level 8 2228 | -9/Materials | Discovered exit to Materials (range 14) 2354 | -9/Materials | Discovered exit to Materials (range 13) 2423 | -9/Materials | Repaired Imp. Hover Unit 2456 | -9/Materials | Repaired Mni. Grenade Launcher 2570 | -9/Materials | Repaired Imp. Hover Unit 2653 | -9/Materials | Upgraded with Utility slot (x1) 2723 | -9/Materials | Entered Mines 2723 | -9/Mines | Accompanied by 1 ally 2725 | -9/Mines | Reached level 9 2725 | -9/Mines | A weapon hastily lodged in a ceiling crevice suddenly fell to the ground 2752 | -9/Mines | Joined a pair of Derelicts in attacking an 0b10 outpost 2781 | -9/Mines | Met a Derelict shopkeep closing up shop 2818 | -9/Mines | Discovered exit to Materials (range 9) 2833 | -9/Mines | Discovered exit to Materials (range 12) 2908 | -9/Mines | Entered Materials 2908 | -8/Materials | Accompanied by 3 allies 2910 | -8/Materials | Reached level 10 2913 | -8/Materials | Led the pair of lost Derelicts to an unsafe place 2924 | -8/Materials | Upgraded with Utility slot (x1) 2946 | -8/Materials | Core integrity fell below 50% 2989 | -8/Materials | Reached level 11 2993 | -8/Materials | Identified exit to Factory 2993 | -8/Materials | Discovered exit to Factory (range 14) 2996 | -8/Materials | Garrison activated, responded to threat 3051 | -8/Materials | Destroyed 15 combat bots 3075 | -8/Materials | Upgraded with Propulsion slot (x1) 3126 | -8/Materials | Reached level 12 3169 | -8/Materials | Destroyed 7 combat bots 3187 | -8/Materials | Upgraded with Utility slot (x1) 3308 | -8/Materials | First assault squad dispatched 3382 | -8/Materials | Discovered exit to Factory (range 20) 3534 | -8/Materials | Upgraded with Power slot (x1) 3559 | -8/Materials | Identified exit to Storage 3559 | -8/Materials | Discovered exit to Storage (range 9) 3569 | -8/Materials | Reached level 13 3750 | -8/Materials | Discovered exit to Factory (range 16) 3877 | -8/Materials | Identified exit to Garrison 3893 | -8/Materials | Entered Garrison 3893 | -8/Garrison | Accompanied by 4 allies 3903 | -8/Garrison | Triggered checkpoint 3909 | -8/Garrison | Triggered checkpoint 3919 | -8/Garrison | Reached level 14 3961 | -8/Garrison | Identified exit to Materials 3961 | -8/Garrison | Discovered exit to Materials (range 9) 3962 | -8/Garrison | Triggered checkpoint 3965 | -8/Garrison | Destroyed 8 combat bots 3966 | -8/Garrison | Installed Relay Interface Framework 3995 | -8/Garrison | Entered Materials 3995 | -8/Materials | Accompanied by 2 allies 4149 | -8/Materials | Discovered exit to Factory (range 9) 4267 | -8/Materials | Destroyed 7 combat bots 4306 | -8/Materials | Discovered exit to Factory (range 15) 4338 | -8/Materials | Discovered exit to Storage (range 17) 4395 | -8/Materials | First assault squad dispatched 4440 | -8/Materials | Reached level 15 4471 | -8/Materials | Destroyed 7 combat bots 4484 | -8/Materials | Discovered exit to Factory (range 11) 4738 | -8/Materials | Discovered exit to Storage (range 9) 4853 | -8/Materials | Entered Storage 4853 | -8/Storage | Accompanied by 1 ally 4860 | -8/Storage | Assisted by bots powering up and referring to "LRC-V3" 5064 | -8/Storage | Learned location of Armory (-3) 5071 | -8/Storage | Identified exit to Garrison 5143 | -8/Storage | Build established: Commander-Scout 5149 | -8/Storage | Discovered exit to Factory (range 13) 5234 | -8/Storage | Identified exit to Recycling 5234 | -8/Storage | Discovered exit to Recycling (range 18) 5380 | -8/Storage | Core integrity fell below 20% 5559 | -8/Storage | Entered Garrison 5559 | -8/Garrison | Accompanied by 16 allies 5576 | -8/Garrison | Triggered checkpoint 5578 | -8/Garrison | Reached level 16 5580 | -8/Garrison | Triggered checkpoint 5607 | -8/Garrison | Discovered exit to Recycling (range 13) 5612 | -8/Garrison | Expanded RIF knowledge: Robot Detection 5622 | -8/Garrison | Destroyed 8 combat bots 5713 | -8/Garrison | Triggered checkpoint 5741 | -8/Garrison | Discovered exit to Recycling (range 8) 5750 | -8/Garrison | Triggered checkpoint 5778 | -8/Garrison | Discovered exit to Recycling (range 9) 5812 | -8/Garrison | Entered Recycling 5812 | -8/Recycling | Accompanied by 10 allies 5867 | -8/Recycling | Spotter reported a threat 5913 | -8/Recycling | Spotter reported a threat 5955 | -8/Recycling | Spotter reported a threat 5973 | -8/Recycling | Identified exit to Factory 5973 | -8/Recycling | Discovered exit to Factory (range 16) 5974 | -8/Recycling | Spotter reported a threat 5974 | -8/Recycling | Spotter reported a threat 5974 | -8/Recycling | Spotter reported a threat 6014 | -8/Recycling | Spotter reported a threat 6055 | -8/Recycling | Entered Factory 6055 | -6/Factory | Accompanied by 20 allies 6056 | -6/Factory | Core integrity fell below 50% 6057 | -6/Factory | Reached level 17 6154 | -6/Factory | Upgraded with Utility slot (x1) 6177 | -6/Factory | Core integrity fell below 20% 6275 | -6/Factory | Repaired Exp. Sensor Array 6354 | -6/Factory | Reached level 18 6405 | -6/Factory | First assault squad dispatched 6510 | -6/Factory | Identified exit to Lower Caves 6510 | -6/Factory | Discovered exit to Lower Caves (range 15) 6526 | -6/Factory | Destroyed 7 combat bots 6610 | -6/Factory | Upgraded with Utility slot (x1) 6615 | -6/Factory | Fabricated Launcher Loader (x2) 6678 | -6/Factory | Identified exit to Factory 6678 | -6/Factory | Discovered exit to Factory (range 14) 6710 | -6/Factory | Fabricated Imp. Maneuvering Thrusters? 6917 | -6/Factory | Reached level 19 7010 | -6/Factory | Destroyed 11 combat bots 7049 | -6/Factory | Local fabrication network quarantined 7112 | -6/Factory | Discovered exit to Lower Caves (range 16) 7204 | -6/Factory | Upgraded with Weapon slot (x1) 7225 | -6/Factory | Found Launcher Loader 7282 | -6/Factory | Spotted B-75 Beast 7289 | -6/Factory | Destroyed B-75 Beast 7292 | -6/Factory | Reached level 20 7297 | -6/Factory | Build established: Hacker-Scout 7317 | -6/Factory | Destroyed 8 combat bots 7412 | -6/Factory | Discovered exit to Factory (range 18) 7421 | -6/Factory | High security lockdown imminent 7486 | -6/Factory | Entered Lower Caves 7486 | -6/Lower Caves | Accompanied by 1 ally 7502 | -6/Lower Caves | Encountered a Warlord checkpoint 7569 | -6/Lower Caves | Identified exit to Lower Caves 7754 | -6/Lower Caves | Entered another Lower Caves area 7754 | -6/Lower Caves | Accompanied by 1 ally 7755 | -6/Lower Caves | Encountered a Warlord checkpoint 7760 | -6/Lower Caves | Discovered exit to Factory (range 10) 7855 | -6/Lower Caves | Learned 8 Factory zone layouts 7926 | -6/Lower Caves | Identified exit to Zion 7926 | -6/Lower Caves | Discovered exit to Zion (range 14) 7987 | -6/Lower Caves | Entered Zion 7987 | -6/Zion | Accompanied by 1 ally 8003 | -6/Zion | Given A8's code to call for help 8019 | -6/Zion | Identified exit to Proximity Caves 8019 | -6/Zion | Discovered exit to Proximity Caves (range 12) 8020 | -6/Zion | Learned Factory emergency access door positions 8120 | -6/Zion | RIF detected upon attempting to enter Zion 8120 | -6/Zion | Attacked by Zionites 8120 | -6/Zion | Spotted S9-RHI(B) 8120 | -6/Zion | Spotted M7-I4I(B) 8166 | -6/Zion | Destroyed S9-RHI(B) 8175 | -6/Zion | Destroyed M7-I4I(B) 8201 | -6/Zion | Destroyed Imprinter 8203 | -6/Zion | Extracted access codes from Imprinter's data core 8583 | -6/Zion | CL-ANK came to Zion's defense 8603 | -6/Zion | Destroyed CL-ANK 9074 | -6/Zion | Identified exit to Deep Caves 9074 | -6/Zion | Discovered exit to Deep Caves (range 18) 9087 | -6/Zion | Opened final containment barrier to the Deep Caves 9092 | -6/Zion | Saw the warning signs outside the Deep Caves entrance 9093 | -6/Zion | Entered Deep Caves 9188 | -6/Deep Caves | Found Prototype Protection 9188 | -6/Deep Caves | Identified Zio. Weapon Casing 9374 | -6/Deep Caves | Destroyed as-77253 9395 | -6/Deep Caves | Triggered Deep Caves wall 9413 | -6/Deep Caves | Spotted AS-63008 9413 | -6/Deep Caves | Spotted AS-57855 9414 | -6/Deep Caves | Exposed GOLEM chamber 9414 | -6/Deep Caves | Reached level 21 9420 | -6/Deep Caves | Found GOLEM Unit 9437 | -6/Deep Caves | Triggered Deep Caves wall 9449 | -6/Deep Caves | Spotted as-65631 9474 | -6/Deep Caves | Build established: Hacker-Mutant 9483 | -6/Deep Caves | Destroyed 37 combat bots 9492 | -6/Deep Caves | Destroyed as-65631 9530 | -6/Deep Caves | Destroyed AS-63008 9581 | -6/Deep Caves | Found Prototype Device 9581 | -6/Deep Caves | Identified PSU Rigger 9653 | -6/Deep Caves | Found Mobile Assembly Unit 9864 | -6/Deep Caves | Upgraded with Utility slot (x1) 10667 | -6/Deep Caves | Destroyed 9 combat bots 10845 | -6/Deep Caves | Identified exit to Proximity Caves 10845 | -6/Deep Caves | Discovered exit to Proximity Caves (range 7) 10847 | -6/Deep Caves | Entered Proximity Caves 10849 | -5/Proximity Caves | Reached level 22 10852 | -5/Proximity Caves | Learned location of 1 exit from Factory 10898 | -5/Proximity Caves | Destroyed 7 combat bots 11015 | -5/Proximity Caves | Spotted B-75 Beast 11106 | -5/Proximity Caves | Destroyed B-75 Beast 11236 | -5/Proximity Caves | Discovered exit to Factory (range 20) 11283 | -5/Proximity Caves | Entered Factory 11283 | -5/Factory | Accompanied by 6 allies 11284 | -5/Factory | Identified exit to Factory 11285 | -5/Factory | Reached level 23 11319 | -5/Factory | Upgraded with Utility slot (x1) 11341 | -5/Factory | Discovered exit to Factory (range 8) 11379 | -5/Factory | Identified exit to Extension 11379 | -5/Factory | Discovered exit to Extension (range 13) 11399 | -5/Factory | Build established: Hacker-Scout 11457 | -5/Factory | Discovered exit to Factory (range 8) 11681 | -5/Factory | Discovered exit to Factory (range 20) 11802 | -5/Factory | Identified exit to Upper Caves 11802 | -5/Factory | Discovered exit to Upper Caves (range 11) 11910 | -5/Factory | Spotted B-75 Beast 11951 | -5/Factory | Destroyed B-75 Beast 11987 | -5/Factory | Fabricated Exp. Terrain Scanner (x1) 12063 | -5/Factory | Fabricated Exp. Signal Interpreter? 12102 | -5/Factory | Fabricated Cld. Gravmag System? 12151 | -5/Factory | Reached level 24 12183 | -5/Factory | First assault squad dispatched 12185 | -5/Factory | Destroyed 9 combat bots 12386 | -5/Factory | Fabricated Cld. Gravmag System? 12390 | -5/Factory | Local fabrication network quarantined 12397 | -5/Factory | Destroyed 7 combat bots 12400 | -5/Factory | Fabricated Cld. Fission Core? 12466 | -5/Factory | High security lockdown imminent 12546 | -5/Factory | High security lockdown engaged 12760 | -5/Factory | Entered Extension 12773 | -5/Extension | Disrupted transfer network 12886 | -5/Extension | Rescued a captive Derelict 12888 | -5/Extension | Build established: Machinist-Scout 12913 | -5/Extension | Rescued a captive Derelict 13060 | -5/Extension | First assault squad dispatched 13066 | -5/Extension | Rescued a captive Derelict 13067 | -5/Extension | Rescued a captive Derelict 13073 | -5/Extension | Rescued A7 13089 | -5/Extension | Rescued a captive Derelict 13089 | -5/Extension | Rescued a captive Derelict 13215 | -5/Extension | Rescued a captive Derelict 13234 | -5/Extension | Identified exit to Cetus 13234 | -5/Extension | Discovered exit to Cetus (range 17) 13237 | -5/Extension | Discovered exit to Factory (range 10) 13283 | -5/Extension | Entered Cetus 13283 | -5/Cetus | Accompanied by 5 allies 13288 | -5/Cetus | Acquired a Cetus Manufacturing Module code from A7 13299 | -5/Cetus | Destroyed Cetus Guard 13301 | -5/Cetus | Destroyed Cetus Guard 13302 | -5/Cetus | Destroyed Cetus Guard 13302 | -5/Cetus | Spotted Cetus Guard 13305 | -5/Cetus | Destroyed Cetus Guard 13330 | -5/Cetus | Discovered exit to Factory (range 15) 13386 | -5/Cetus | Started Cetus Manufacturing Module 13403 | -5/Cetus | Identified exit to Archives 13403 | -5/Cetus | Discovered exit to Archives (range 30) 13411 | -5/Cetus | Manufactured an Enhanced Grunt 13416 | -5/Cetus | Found a strange terminal 13436 | -5/Cetus | Manufactured an Enhanced Grunt 13461 | -5/Cetus | Manufactured an Enhanced Grunt 13486 | -5/Cetus | Manufactured an Enhanced Grunt 13511 | -5/Cetus | Manufactured an Enhanced Grunt 13540 | -5/Cetus | Reached level 25 13557 | -5/Cetus | Discovered exit to Factory (range 28) 13561 | -5/Cetus | Spotted Cetus Guard 13562 | -5/Cetus | Spotted Cetus Guard 13565 | -5/Cetus | Spotted Cetus Guard 13566 | -5/Cetus | Allies destroyed Cetus Guard 13566 | -5/Cetus | Spotted Cetus Guard 13570 | -5/Cetus | Destroyed Cetus Guard 13571 | -5/Cetus | Destroyed Cetus Guard 13571 | -5/Cetus | Destroyed Cetus Guard 13582 | -5/Cetus | Met Revision 17 13637 | -5/Cetus | Entered Archives 13637 | -5/Archives | Accompanied by 10 allies 13657 | -5/Archives | Discovered exit to Factory (range 21) 13673 | -5/Archives | Identified exit to Hub_04(d) 13673 | -5/Archives | Discovered exit to Hub_04(d) (range 24) 13674 | -5/Archives | Discovered exit to Hub_04(d) (range 28) 13688 | -5/Archives | Unable to access archive contents 13691 | -5/Archives | Unable to access archive contents 13695 | -5/Archives | Unable to access archive contents 13697 | -5/Archives | Enhanced Grunt warped into view, answering call for help 13699 | -5/Archives | Enhanced Grunt warped into view, answering call for help 13699 | -5/Archives | Unable to access archive contents 13702 | -5/Archives | Unable to access archive contents 13792 | -5/Archives | Unable to access archive contents 13795 | -5/Archives | Unable to access archive contents 13817 | -5/Archives | Entered Hub_04(d) 13817 | -5/Hub_04(d) | Accompanied by 9 allies 13853 | -5/Hub_04(d) | Discovered exit to Factory (range 15) 13855 | -5/Hub_04(d) | Discovered exit to Factory (range 25) 13957 | -5/Hub_04(d) | Network Hub disabled 13966 | -5/Hub_04(d) | Network Hub disabled 14010 | -5/Hub_04(d) | Discovered exit to Factory (range 16) 14067 | -5/Hub_04(d) | Spotted Lightning 14069 | -5/Hub_04(d) | Spotted Lightning 14069 | -5/Hub_04(d) | Spotted Lightning 14089 | -5/Hub_04(d) | Core integrity fell below 50% 14092 | -5/Hub_04(d) | Destroyed Lightning 14106 | -5/Hub_04(d) | Destroyed Lightning 14110 | -5/Hub_04(d) | Destroyed Lightning 14145 | -5/Hub_04(d) | Network Hub disabled 14145 | -5/Hub_04(d) | Network Hub disabled 14151 | -5/Hub_04(d) | Spotted Lightning 14151 | -5/Hub_04(d) | Spotted Lightning 14151 | -5/Hub_04(d) | Spotted Lightning 14153 | -5/Hub_04(d) | Core integrity fell below 20% 14170 | -5/Hub_04(d) | Destroyed Lightning 14171 | -5/Hub_04(d) | Destroyed Lightning 14179 | -5/Hub_04(d) | Destroyed Lightning 14300 | -5/Hub_04(d) | Discovered exit to Factory (range 16) 14315 | -5/Hub_04(d) | Entered Factory 14316 | -4/Factory | Core integrity fell below 50% 14487 | -4/Factory | Identified exit to Upper Caves 14487 | -4/Factory | Discovered exit to Upper Caves (range 7) 14494 | -4/Factory | Reached level 26 14581 | -4/Factory | Identified exit to Research 14581 | -4/Factory | Discovered exit to Research (range 30) 14625 | -4/Factory | Allied Derelicts emerged from ambush trap array 14738 | -4/Factory | Garrison activated, responded to threat 14914 | -4/Factory | Destroyed 8 combat bots 15031 | -4/Factory | Core integrity fell below 20% 15101 | -4/Factory | First assault squad dispatched 15231 | -4/Factory | Fabricated Cld. Gravmag System? 15231 | -4/Factory | Discovered exit to Research (range 5) 15301 | -4/Factory | Discovered exit to Research (range 20) 15394 | -4/Factory | Discovered exit to Upper Caves (range 15) 15473 | -4/Factory | Repaired Broken Cld. Gravmag System 15524 | -4/Factory | Repaired Broken Quantum Reactor 15554 | -4/Factory | Reached level 27 15568 | -4/Factory | Repaired Broken Force Lance? 15624 | -4/Factory | Build established: Hacker-Scout 15650 | -4/Factory | Upgraded with Propulsion slot (x1) 15814 | -4/Factory | Fabricated Cld. Gravmag System (x1) 15917 | -4/Factory | Fabricated Gui. EMP Blaster? 15961 | -4/Factory | Spotted B-86 Titan 16026 | -4/Factory | Fabricated Cld. Gravmag System (x1) 16122 | -4/Factory | Local fabrication network quarantined 16155 | -4/Factory | Repaired Broken Cld. Gravmag System 16177 | -4/Factory | Repaired Reaction Control System 16325 | -4/Factory | Build established: Wizard-Scout 16361 | -4/Factory | Entered Upper Caves 16361 | -4/Upper Caves | Accompanied by 2 allies 16412 | -4/Upper Caves | Attacked by a delusional Derelict stockpiling Unaware 16447 | -4/Upper Caves | Encountered a Warlord checkpoint 16545 | -4/Upper Caves | Identified exit to Upper Caves 16545 | -4/Upper Caves | Discovered exit to Upper Caves (range 15) 16619 | -4/Upper Caves | Entered another Upper Caves area 16619 | -4/Upper Caves | Accompanied by 6 allies 16634 | -4/Upper Caves | Discovered exit to Research (range 30) 16670 | -4/Upper Caves | Found Alien Artifact 16670 | -4/Upper Caves | Identified Dimensional Node Initializer 16670 | -4/Upper Caves | Initialized slip node 16694 | -4/Upper Caves | Learned Research garrison access intel 16784 | -4/Upper Caves | Encountered a Warlord checkpoint 16797 | -4/Upper Caves | Identified exit to Zhirov 16797 | -4/Upper Caves | Discovered exit to Zhirov (range 28) 16931 | -4/Upper Caves | Entered Zhirov 16931 | -4/Zhirov | Accompanied by 6 allies 16931 | -4/Zhirov | Identified exit to Proximity Caves 16931 | -4/Zhirov | Discovered exit to Proximity Caves (range 3) 16937 | -4/Zhirov | Met Zhirov 16943 | -4/Zhirov | Learned location of Quarantine (-2) 16943 | -4/Zhirov | Learned location of Command (-1) 16947 | -4/Zhirov | Zhirov requested help retrieving the SGEMP Prototype 16952 | -4/Zhirov | Found Alien Artifact 16952 | -4/Zhirov | Identified Transdimensional Reconstructor 16952 | -4/Zhirov | Warped through subspace 16965 | -4/Zhirov | Found Alien Artifact 16965 | -4/Zhirov | Identified Integrated Reactor 16965 | -4/Zhirov | Installed Integrated Reactor, increased core energy generation (+2%) 17043 | -4/Zhirov | Entered Proximity Caves 17043 | -3/Proximity Caves | Accompanied by 6 allies 17107 | -3/Proximity Caves | Reached level 28 17129 | -3/Proximity Caves | Build established: Hacker-Scout 17158 | -3/Proximity Caves | Discovered exit to Research (range 14) 17169 | -3/Proximity Caves | Learned 6 Lower Caves zone layouts 17169 | -3/Proximity Caves | Learned 6 Upper Caves zone layouts 17169 | -3/Proximity Caves | Learned Armory trap positions 17169 | -3/Proximity Caves | Learned Armory emergency access door positions 17169 | -3/Proximity Caves | Learned Extension terminal intel 17170 | -3/Proximity Caves | Attracted the attention of an 0b10 base 17196 | -3/Proximity Caves | Destroyed 7 combat bots 17266 | -3/Proximity Caves | Entered Research 17266 | -3/Research | Accompanied by 3 allies 17267 | -3/Research | Identified exit to Testing 17268 | -3/Research | Loaded intel: 3 garrison access locations 17466 | -3/Research | Revision forces began assault on 0b10 17541 | -3/Research | Reached level 29 17565 | -3/Research | Destroyed 9 combat bots 17630 | -3/Research | Found Prototype Device 17630 | -3/Research | Identified Exp. Focal Shield 17651 | -3/Research | Identified exit to Research 17651 | -3/Research | Discovered exit to Research (range 26) 17653 | -3/Research | Found Enh. Force Lance 17658 | -3/Research | Found Prototype Device 17658 | -3/Research | Identified Adv. Kinecellerator 17763 | -3/Research | Fabricated Cld. Gravmag System (x1) 17802 | -3/Research | Fabricated Micro-nuke Launcher (x1) 17858 | -3/Research | Local fabrication network quarantined 17922 | -3/Research | Fabricated Adv. Micro-nuke Launcher (x1) 17954 | -3/Research | Entered another Research area 17954 | -2/Research | Accompanied by 1 ally 17956 | -2/Research | Reached level 30 17963 | -2/Research | Build established: Wizard-Scout 17970 | -2/Research | Identified exit to Access 17970 | -2/Research | Discovered exit to Access (range 26) 18089 | -2/Research | Destroyed 8 combat bots 18144 | -2/Research | Discovered exit to Access (range 30) 18271 | -2/Research | Reached level 31 18327 | -2/Research | Destroyed 10 combat bots 18484 | -2/Research | Fabricated Gui. Micro-nuke Launcher? 18577 | -2/Research | Garrison activated, responded to threat 18616 | -2/Research | Upgraded with Weapon slot (x1) 18616 | -2/Research | Upgraded with Weapon slot (x1) 18623 | -2/Research | Found Prototype Device 18623 | -2/Research | Identified Exp. Transmission Jammer 18704 | -2/Research | First assault squad dispatched 18728 | -2/Research | Fabricated Exp. Force Field? 18735 | -2/Research | Reached level 32 18752 | -2/Research | Spotted B-90 Cyclops 18756 | -2/Research | Destroyed 13 combat bots 18794 | -2/Research | Spotted B-90 Cyclops 18922 | -2/Research | Entered Access 18924 | -1/Access | Reached level 33 19004 | -1/Access | Identified exit to Surface 19004 | -1/Access | Discovered exit to Surface (range 27) 19014 | *** | Escaped! Last Messages --------------- 18868_ K-01 Serf collects debris. 18869_ U-05 Engineer lays Concrete. 18869_ R-10 Processor collects Hvy. Machine Gun. 18870_ K-01 Serf collects debris. 18870_ U-05 Engineer lays Concrete. 18871_ Acquired 16 matter. 18880_ Discarded Adv. System Shield. 18880_ Acquired Exp. Force Field. 18883_ Acquired 13 matter. 18903_ Sneak attack on T-07 Excavator. 18903_ T-07 Excavator destroyed. LOCATION=ACCESS GOAL=ESCAPE 18924_ Reached level 33. 18993_ Connecting with Terminal... 19004_ EXIT=FOUND: SURFACE 19011_ Connecting with Terminal... >>Open Sealed Barrier opened. 19012_ The Access Shell folds into the floor. Map ----- +----------------------------------------------------+ | ?? ??#?????? ?????#??? ????????#?????????????????? | | ??? ?????? ???? ??#????? ? ?? ??#?##?????????????? | | ? ??? ? ????? ??#???? ?? ??? ?###?????????????? | | ?? ?? ???????? ?????? ? ? ?? ?????##??#???????? | | ????#? ? ?? ?? ?????#?? ??? ?? ? ???????????????? | | ???? ?????? ??##?#? ?? ???? ??????? ??????? | | ???? ?#??##??##???#????? ? ?? ????? ? ??????? ???? | | ??###??#???????##???????? ??????????? ???#??"?? ?? | | ? ???? ? ?????? ?? ????? ? ???????????????? | | ? ? ???? ???? ???? ? ???????????????"?????????? | | ????#???## ??###???? ? ???##?##??? ??"?????????? | | ? ? ?#????? ##??????#+???#?#??#??? ?? ???? ? ???? | | ?? ?##?#???#?? ? ? ? ?????## ??? ???????????? | | ?? ????#???#??????? ?? ? ?###???#?????????????? | | ?? ? #?#?# k?#???? ?? ? ? ?##???????##?? ???? ?? | | ?? ?####u ??#?? ? ? ?? ??#????##?#?#???"???? | | ? ? ##??# #??? ???? ? ? ?###?????#???#???? ? | | ?? ? ?##??# ##?#?##??#??#??###??????#???? ????? ? | | ? ???##### ###??######?###??#??#??#??#?#?? ???? | | ##### ####### ###########???#?????????????? | | ???? ###?# """T""" """??? ????????????? | | ?""? ##?## """ """ "??"?BB ???#?? ??? | | """? ??#??# ""?"?BB??? #???????# | | ??##?##???# "???? ?? ?????? ?? | | ?#?#?#?##?# "" "??? ??? ? ???? ???? | | #??#???##?# @" "??" ? ?? ? ???????? | | #??####?### ""???? ????????? ??? | | #?#?#####?# "?"" BB? ? ?????#??? | | ######?##?# "?"??BB?? ?????#???? | | ###??##???# """?? ? ?????????? | | ?#??#?????# ####### ##########??###?#?#??#?#?# ?? | | ????###?### ###???#####?##?#???#????##????##????? | | ###???##### ##?#?#####????#####??###????#???#? ?? | | ?? # #######?#####?#?#?#?#???#???##??????" | | ? ??? # #?##???###???#??###?#??#???#?#??????? | | ?? ? ?+ #####???#?? ?? ??? ??##??###????#??? | | ? ? ? ? ??# #?#???###? ? ? ? #?##?#????????? | | ? ?? ? # # ? ????#??? ? ?? ? ?#?#????????#?? | | ? ??# #? ? ? # ?? ? ? ?#???#?#????#?? | | ? # # ?? " # ????? ? ?????#?##????????? | | ? ? ??# #? """ ?????? ? ? ?##???????????? | | ?? ? # # """ #? ? ?? ? #?#???????????? | | ###???##??# + " #? ?? ? ?? ? ? ? ???? ???? | | ###########k # #??? ??? ? ? ?????????? | | # # #?#??#? ???? ? ???????? | | # ?? * # ?#??##??+?#?#????#?#?????? | | +########## #???######??###? ? ?##?????????? | | ?? ???# ##?##??#????### ?? ? ??????#????????? | | ?? ? ## ######???# #?#?? ? ? ??? ?????????? | | ?? ?# ##?##?? ?? ? #???"" ?????? ?????????? | +----------------------------------------------------+ Best States ------------- Heat Dissipation 94 Energy Generation 70 Energy Capacity 2600 Matter Stores 500 Matter Capacity 500 Sight Range 16 Robot Scan Range 30 Terrain Scan Range 30 Terrain Scan Density 510 ECM Strength 3 Jamming Range 22 Power Amplification 40 Additional Mass Support 10 Armor Coverage 225 Resistance: KI 55 Resistance: TH 55 Resistance: EX 55 Resistance: EM 50 Resistance: I 50 Resistance: S 50 Resistance: P 50 Weapon Shielding 90 Phase Shifting 8 Evasion (%) 74 Targeting Accuracy 8 Launcher Accuracy 40 Target Analysis 5 Core Analysis 8 Matter Filtering 50 Offensive Hacking 34 Defensive Hacking 38 Item Schematics ----------------- ECM Suite | -10/Materials | Hacked Hcp. Matter Pod | -10/Materials | Hacked Lrg. Matter Pod | -9/Materials | Scanalyzed Mni. Grenade Launcher | -9/Materials | Scanalyzed Lgt. Nuclear Core | -9/Materials | Scanalyzed Welding Torch | -9/Materials | Extracted Lgt. Assault Rifle | -9/Materials | Extracted Imp. Hover Unit | -9/Materials | Scanalyzed Exp. Sensor Array | -9/Materials | Scanalyzed Hpw. Tractor Beam | -9/Materials | Extracted Terrain Scanner | -9/Materials | Extracted Hcp. Battery | -9/Materials | Hacked Lrn. Tractor Beam | -8/Materials | Hacked Imp. Grenade Launcher | -8/Materials | Hacked Aerolev Unit | -8/Materials | Scanalyzed Adv. Terrain Scanner | -8/Materials | Scanalyzed Flak Cannon | -8/Materials | Extracted Hvy. Rocket Launcher | -8/Materials | Scanalyzed Cesium-ion Thruster | -8/Materials | Extracted Adv. Treads | -8/Materials | Extracted Cld. Ion Engine | -8/Materials | Scanalyzed Lgt. Deuterium Engine | -8/Materials | Extracted Hvy. Particle Cannon | -8/Materials | Extracted Lrn. Missile Launcher | -8/Recycling | Hacked Matter Compressor | -8/Recycling | Hacked Imp. Maneuvering Thrusters | -8/Recycling | Hacked Launcher Loader | -6/Factory | Hacked Cld. Deuterium Engine | -6/Factory | Hacked Lrn. Terrain Scanner | -6/Factory | Hacked Cld. Aerolev Unit | -6/Factory | Hacked Lgt. Fission Core | -6/Factory | Extracted Hvy. Laser | -6/Factory | Extracted Adv. Signal Interpreter | -6/Factory | Extracted Hpw. Shock Rifle | -6/Factory | Extracted Battle Rifle | -6/Zion | Free Battle Cannon | -6/Zion | Free Flamer | -6/Zion | Free Cld. Gravmag System | -5/Factory | Hacked Exp. Signal Interpreter | -5/Factory | Hacked Exp. Terrain Scanner | -5/Factory | Hacked Cld. Fission Core | -5/Factory | Hacked Imp. Launcher Guidance Computer | -5/Hub_04(d) | Hacked Reaction Control System | -4/Factory | Hacked Micro-nuke Launcher | -4/Factory | Hacked Adv. Launcher Guidance Computer | -4/Factory | Hacked Prc. Matter Filter | -4/Factory | Scanalyzed Quantum Reactor | -4/Factory | Scanalyzed System Restoration Module | -4/Factory | Scanalyzed Force Lance | -4/Factory | Scanalyzed Gui. EMP Blaster | -4/Factory | Hacked Neutron Missile Launcher | -4/Factory | Hacked Adv. Power Amplifier | -4/Factory | Hacked Imp. Stasis Canceller | -4/Factory | Hacked Imp. System Restoration Module | -4/Factory | Scanalyzed Assault Drone Bay | -4/Zhirov | Free Exp. Heat Sink | -4/Zhirov | Free Exp. Optical Array | -4/Zhirov | Free Imp. Arc Thrower | -4/Zhirov | Free Adv. Hacking Suite | -3/Research | Hacked Adv. Micro-nuke Launcher | -3/Research | Hacked Gui. Micro-nuke Launcher | -2/Research | Hacked Adv. Reaction Control System | -2/Research | Hacked Cld. Antimatter Reactor | -2/Research | Hacked Exp. Energy Well | -2/Research | Hacked Exp. Matter Compressor | -2/Research | Hacked Ragnarok Missile Launcher | -2/Research | Hacked Point Singularity Launcher | -2/Research | Hacked Exp. Force Field | -2/Research | Hacked Robot Schematics ------------------ O-16 Technician | -10/Materials | Hacked M-13 Machinist | -10/Materials | Hacked O-24 Administrator | -8/Storage | Hacked M-28 Smith | -8/Storage | Hacked O-32 Director | -4/Factory | Hacked Fabricated ------------ Launcher Loader | x2 | -6/Factory Imp. Maneuvering Thrusters | x1 | -6/Factory Exp. Terrain Scanner | x1 | -5/Factory Exp. Signal Interpreter | x1 | -5/Factory Cld. Gravmag System | x1 | -5/Factory Cld. Gravmag System | x1 | -5/Factory Cld. Fission Core | x1 | -5/Factory Cld. Gravmag System | x1 | -4/Factory Cld. Gravmag System | x1 | -4/Factory Gui. EMP Blaster | x1 | -4/Factory Cld. Gravmag System | x1 | -4/Factory Cld. Gravmag System | x1 | -3/Research Micro-nuke Launcher | x1 | -3/Research Adv. Micro-nuke Launcher | x1 | -3/Research Gui. Micro-nuke Launcher | x1 | -2/Research Exp. Force Field | x1 | -2/Research Alien Tech Used ----------------- Dimensional Node Initializer Transdimensional Reconstructor Integrated Reactor Achievements -------------- Fearless Challenges ------------ None RPGLIKE | -11 -10 -10 -9 -9 -8 -8 -8 -8 -8 -8 -6 -6 -6 -6 -6 -5 -5 -5 -5 -5 -5 -4 -4 -4 -4 -3 -3 -2 -1 --------- Run | Scr Mat Min Mat Min Mat Gar Mat Sto Gar Rec Fac Low Low Zio Dee Pro Fac Ext Cet Arc Hub Fac Upp Upp Zhi Pro Res Res Acc Levels Raised 32 | . 2 . 5 1 4 1 1 . 1 . 4 . . . 1 1 2 . 1 . . 2 . . . 1 1 3 1 XP Earned 54144 | 6000 3125 1150 7693 595 6508 641 1966 705 363 160 6186 234 240 118 1555 1434 2415 581 473 135 506 2654 161 244 105 825 1420 4553 1399 XP Spent 47430 | 1900 5020 1950 3300 . 9700 . 3200 . . . 6975 . . . 3200 . 3950 1000 . . 385 4350 . . . . . 2500 . Upgrades 78 | 8 8 7 3 . 12 . 4 . . . 6 . . . 1 . 4 1 . . 7 15 . . . . . 2 . Power Slot 1 | . . . . . 1 . . . . . . . . . . . . . . . . . . . . . . . . Propulsion Slot 5 | 1 1 . 1 . 1 . . . . . . . . . . . . . . . . 1 . . . . . . . Utility Slot 11 | 1 3 . 1 . 2 . . . . . 2 . . . 1 . 1 . . . . . . . . . . . . Weapon Slot 4 | . . . 1 . . . . . . . 1 . . . . . . . . . . . . . . . . 2 . Core Integrity 7 | . . . . . . . . . . . . . . . . . . . . . 7 . . . . . . . . Heat Dissipation 9 | . 2 . . . 2 . . . . . . . . . . . 3 . . . . 2 . . . . . . . Energy Generation 1 | . 1 . . . . . . . . . . . . . . . . . . . . . . . . . . . . Matter Storage 3 | . . . . . . . . . . . 3 . . . . . . . . . . . . . . . . . . Inventory Capacity 4 | 1 1 . . . 1 . . . . . . . . . . . . 1 . . . . . . . . . . . Sensor Range 12 | . . . . . . . . . . . . . . . . . . . . . . 12 . . . . . . . Terrain Scan Density 5 | 5 . . . . . . . . . . . . . . . . . . . . . . . . . . . . . KI Resistance % 4 | . . 3 . . 1 . . . . . . . . . . . . . . . . . . . . . . . . TH Resistance % 4 | . . . . . 4 . . . . . . . . . . . . . . . . . . . . . . . . EX Resistance % 4 | . . 4 . . . . . . . . . . . . . . . . . . . . . . . . . . . EX Damage % 4 | . . . . . . . 4 . . . . . . . . . . . . . . . . . . . . . . Protomatter Created 11372 | . 170 22 368 22 670 152 707 199 66 4 980 53 60 364 2183 736 1034 379 373 . 271 820 164 211 . 71 262 1031 . Integrity Restored 12434 | . 355 128 744 36 1138 118 573 333 72 129 1938 17 . 274 820 14 1043 374 92 46 213 2058 473 51 . . 464 931 . Core 9840 | . 266 117 744 36 787 80 353 212 72 129 1558 . . 124 579 11 855 246 59 35 213 1997 239 . . . 371 757 . Parts 2594 | . 89 11 . . 351 38 220 121 . . 380 17 . 150 241 3 188 128 33 11 . 61 234 51 . . 93 174 . Protomatter Decayed 8571 | . 47 124 5 . 53 59 228 73 172 11 245 47 60 242 1665 551 780 346 193 128 410 537 . 89 . . 2059 447 . Game ------ Seed FieldNodeSplitter Manual? 1 Play Time 09:25:21 Cumulative 451.6 hours Start 2020.05.11 @ 20:45:58 End 2020.05.15 @ 02:22:48 Sessions 19 Manual Loads 0 Difficulty Explorer Special Mode Winter2019/RPGLIKE Game No. 47 Rogue 1 Adventurer 3 Explorer 43 Win Type 0 Total 23 Types 19/1/2/1/0/0/0 Lore% 72 Gallery% 90 Achievement% 88 Wizard Run 0 Options --------- ASCII 0 Keyboard 1 Movement Vi Keybinds 1 Fullscreen 2 Font 24/Terminus Map View 76x50 Tactical HUD 1 Map Filters NONE Filters NONE Steam 1 RUN: 89243302-d67b-479c-8c8c-ffcee10ac48b